 Dungeon Crawl Stone Soup version 0.27.1-2-g3b301248ec (webtiles) character file.

Game seed: 1869192894537833511

1037014 Kinoniko the Acrobat (level 27, -22/297 HPs)
             Began as a Demonspawn Berserker on Sept 30, 2021.
             Was the Champion of Jiyva.
             Killed from afar by a red draconian scorcher (32 damage)
             ... with damnation
             ... on level 24 of a ziggurat.
             The game lasted 02:49:29 (83931 turns).

Kinoniko the Acrobat (Demonspawn Berserker)        Turns: 83931, Time: 02:49:30

Health: -22/297    AC: 33    Str: 27    XL:     27
Magic:  29/49      EV: 21    Int: 29    God:    Jiyva [******]
Gold:   5559       SH: 30    Dex: 16    Spells: 0/53 levels left

rFire    + . .     SeeInvis .   z - +7 Singing Sword {vorpal, sonic wave}
rCold    + . .     Faith    .   F - +5 kite shield of Optimism {rN+ rCorr}
rNeg     + + .     Spirit   .   V - +8 chain mail of Edwa {rF+}
rPois    +         Reflect  .   (helmet unavailable)
rElec    +         Harm     .   i - +2 cloak of Jarucsud {rF- Will+ Regen+ Int+2}
rCorr    +         Rampage  +   a - +0 pair of gloves of Cudysh {Rampage rN+ Str+4}
Will     +++++     Clarity  +   I - +1 pair of boots of Amorality {rElec Str+4 Int+3}
Stlth    ..........             N - amulet "Jisauxko" {RegenMP *Corrode Will+ Regen+ Str+2}
HPRegen  2.59/turn              s - ring "Hebb" {rPois rF+ rC+ MP+9}
MPRegen  0.56/turn              S - ring of the Mage {Wiz Will++ Int+3}

@: slightly contaminated, studying 3 skills
A: horns 3, large bone plates 3, foul stench 3, robust 3, demonic magic 3,
clarity, clever 1, mutation resistance 1, acidic bite, translucent skin 1, jelly
sensing items
}: 7/15 runes: decaying, slimy, silver, obsidian, bone, abyssal, gossamer
a: Renounce Religion, Request Jelly, Slimify, Cure Bad Mutation


You were on level 24 of a ziggurat.
You worshipped Jiyva.
Jiyva was exalted by your worship.
You visited 14 branches of the dungeon, and saw 68 of its levels.
You visited the Abyss 4 times.
You visited 1 ziggurat, and saw 24 of its levels.
You also visited: Gauntlet and Ice Cave.

You collected 12174 gold pieces.
You spent 6615 gold pieces at shops.

Inventory:

Hand Weapons
 k - the +10 broad axe "Xegh" {vorpal, Will+ Dex+3}
   (Trog gifted it to you on level 2 of the Orcish Mines)

   It inflicts extra damage upon your enemies.
   Dex:       It affects your dexterity (+3).
   Will:      It increases your willpower.
 z - the +7 Singing Sword (weapon) {vorpal, sonic wave}
   (You found it on level 6 of a ziggurat)

   It inflicts extra damage upon your enemies.
   It radiates damaging sonic waves as it strikes, especially in combat
   involving dangerous or numerous foes.
Armour
 a - the +0 pair of gloves of Cudysh (worn) {Rampage rN+ Str+4}
   (You found it on level 3 of the Depths)

   Str:       It affects your strength (+4).
   rN:        It protects you from negative energy.
   Rampage:   It bestows one free step when moving towards enemies.
 i - the +2 cloak of Jarucsud (worn) {rF- Will+ Regen+ Int+2}
   (You found it in a Gauntlet)

   Int:       It affects your intelligence (+2).
   rF:        It makes you vulnerable to fire.
   Regen:     It increases your rate of health regeneration.
   Will:      It increases your willpower.
 v - the -3 pair of boots of Beoqosint {rN++ Regen+ Str-5 Dex+2}
   (You found it on level 13 of a ziggurat)

   Str:       It affects your strength (-5).
   Dex:       It affects your dexterity (+2).
   rN:        It greatly protects you from negative energy.
   Regen:     It increases your rate of health regeneration.
 F - the +5 kite shield of Optimism (worn) {rN+ rCorr}
   (You found it on level 5 of the Pits of Slime)

   rN:        It protects you from negative energy.
   rCorr:     It protects you from acid and corrosion.
 H - the +5 kite shield of the Equinox {rF+}
   (You found it on level 10 of a ziggurat)

   rF:        It protects you from fire.
 I - the +1 pair of boots of Amorality (worn) {rElec Str+4 Int+3}
   (You found it on level 3 of the Crypt)

   Str:       It affects your strength (+4).
   Int:       It affects your intelligence (+3).
   rElec:     It insulates you from electricity.
 O - the +12 chain mail of the Stone Wall {rCorr Dex+2}
   (You found it on level 22 of a ziggurat)

   Dex:       It affects your dexterity (+2).
   rCorr:     It protects you from acid and corrosion.
 V - the +8 chain mail of Edwa (worn) {rF+}
   (You found it on level 3 of the Swamp)

   rF:        It protects you from fire.
Jewellery
 f - a ring of Buhaexut {rElec rPois Will++ Str-4 Dex+6}
   (You found it in a Gauntlet)

   [ring of dexterity]

   Str:       It affects your strength (-4).
   Dex:       It affects your dexterity (+6).
   rElec:     It insulates you from electricity.
   rPois:     It protects you from poison.
   Will:      It greatly increases your willpower.
 j - the ring "Hukhyani" {Str+6 Int+6}
   (You found it on level 15 of a ziggurat)

   [ring of strength]

   Str:       It affects your strength (+6).
   Int:       It affects your intelligence (+6).
 l - the ring of Dessimah {rF+ rN+ Will+}
   (You found it on level 19 of a ziggurat)

   [ring of positive energy]

   rF:        It protects you from fire.
   rN:        It protects you from negative energy.
   Will:      It increases your willpower.
 s - the ring "Hebb" (left hand) {rPois rF+ rC+ MP+9}
   (You found it on level 5 of a ziggurat)

   [ring of magical power]

   rF:        It protects you from fire.
   rC:        It protects you from cold.
   rPois:     It protects you from poison.
   MP:        It affects your magic capacity (+9).
 w - the ring "Uceuf" {rPois rF+ rCorr MP+9 Int+7}
   (You found it on level 21 of a ziggurat)

   [ring of magical power]

   Int:       It affects your intelligence (+7).
   rF:        It protects you from fire.
   rPois:     It protects you from poison.
   MP:        It affects your magic capacity (+9).
   rCorr:     It protects you from acid and corrosion.
 C - the ring "Qozuu" {rC+ SInv}
   (You found it on level 14 of a ziggurat)

   [ring of see invisible]

   rC:        It protects you from cold.
   SInv:      It lets you see invisible.
 J - the ring of Xugedir {*Slow Fly Str+5 Dex+9}
   (You found it on level 11 of a ziggurat)

   [ring of flight]

   Str:       It affects your strength (+5).
   Dex:       It affects your dexterity (+9).
   Fly:       It grants you flight.
   *Slow:     It may slow you when you take damage.
 L - the ring of Gothrapio {Wiz rF+ Will+ Slay+3}
   (You found it on level 15 of a ziggurat)

   [ring of wizardry]

   It improves your spell success rate.
   Slay:      It affects your accuracy & damage with ranged weapons and melee
   (+3).
   rF:        It protects you from fire.
   Will:      It increases your willpower.
 M - the ring "Sithrof" {rPois rN+ Slay+3}
   (You found it on level 18 of a ziggurat)

   [ring of poison resistance]

   Slay:      It affects your accuracy & damage with ranged weapons and melee
   (+3).
   rPois:     It protects you from poison.
   rN:        It protects you from negative energy.
 N - the amulet "Jisauxko" (around neck) {RegenMP *Corrode Will+ Regen+ Str+2}
   (You found it on level 1 of the Lair of Beasts)

   [amulet of magic regeneration]

   It increases your rate of magic regeneration.
   Str:       It affects your strength (+2).
   Regen:     It increases your rate of health regeneration.
   *Corrode:  It may corrode you when you take damage.
   Will:      It increases your willpower.
 P - the ring of Ilasubb {rElec rF- Int+5 Dex+3 SInv}
   (You found it on level 17 of a ziggurat)

   [ring of see invisible]

   Int:       It affects your intelligence (+5).
   Dex:       It affects your dexterity (+3).
   rF:        It makes you vulnerable to fire.
   rElec:     It insulates you from electricity.
   SInv:      It lets you see invisible.
 S - the ring of the Mage (right hand) {Wiz Will++ Int+3}
   (You found it on level 22 of a ziggurat)

   [ring of wizardry]

   It improves your spell success rate.
   Int:       It affects your intelligence (+3).
   Will:      It greatly increases your willpower.
 U - the ring "Voggav" {Fly rPois Will+ Dex+4}
   (You found it on level 18 of a ziggurat)

   [ring of flight]

   Dex:       It affects your dexterity (+4).
   rPois:     It protects you from poison.
   Fly:       It grants you flight.
   Will:      It increases your willpower.
 W - the necklace of Bloodlust {*Rage +Rage Will++ Int-3 Slay+6}
   (You found it on level 12 of a ziggurat)

   [amulet of nothing]

   It extends the wearer's berserk rage when killing foes.
   Int:       It affects your intelligence (-3).
   Slay:      It affects your accuracy & damage with ranged weapons and melee
   (+6).
   +Rage:     It lets you go berserk.
   *Rage:     It may make you go berserk in combat.
   Will:      It greatly increases your willpower.
 Y - the ring "Werituh" {Fly rF++ rC+ rN+ SInv}
   (You found it on level 6 of the Lair of Beasts)

   [ring of flight]

   rF:        It greatly protects you from fire.
   rC:        It protects you from cold.
   rN:        It protects you from negative energy.
   SInv:      It lets you see invisible.
   Fly:       It grants you flight.
 Z - a ring "Edweedd" {rElec MP+9 Dex+6 SInv Stlth+}
   (You found it on level 19 of a ziggurat)

   [ring of dexterity]

   Dex:       It affects your dexterity (+6).
   rElec:     It insulates you from electricity.
   MP:        It affects your magic capacity (+9).
   SInv:      It lets you see invisible.
   Stlth:     It makes you more stealthy.
Wands
 r - a wand of digging (27)
 D - a wand of iceblast (123)
 E - a wand of acid (47)
Scrolls
 e - 4 scrolls of blinking
 q - 6 scrolls of fear
 u - 13 scrolls of fog
 A - 47 scrolls of teleportation
 G - 3 scrolls of amnesia
 X - 3 scrolls of torment
Potions
 b - 2 potions of invisibility
 c - 20 potions of mutation
 d - 5 potions of brilliance
 g - 5 potions of heal wounds
 h - 7 potions of cancellation
 m - 5 potions of ambrosia
 n - 13 potions of curing
 p - 8 potions of lignification
 t - a potion of resistance
 K - 3 potions of magic
 Q - a potion of might
 T - 17 potions of haste
Miscellaneous
 o - a tin of tremorstones (2/2)
 y - a phial of floods
 B - a condenser vane
 R - the horn of Geryon


   Skills:
 - Level 21.5 Fighting
 - Level 20.8 Long Blades
 - Level 18.5 Axes
 - Level 22.6 Armour
 - Level 22.6 Dodging
 - Level 22.1 Shields
 - Level 13.9 Spellcasting
 - Level 21.2 Necromancy
 - Level 18.4 Transmutations
 * Level 14.9 Ice Magic
 - Level 4.7 Earth Magic
 - Level 5.2 Poison Magic
 - Level 13.9 Evocations


You couldn't memorise any spells.
You knew the following spells:

 Your Spells              Type           Power      Damage    Failure   Level
a - Necromutation         Tmut/Necr      47%        N/A       5%          8
b - Hailstorm             Conj/Ice       59%        3d13      1%          4
c - Polar Vortex          Ice            41%        N/A       99%         9
d - Shatter               Erth           23%        3d20*     100%        9
e - Irradiate             Conj/Tmut      32%        3d24      1%          5
f - Fire Storm            Conj/Fire      10%        8d3       100%        9
g - Olgreb's Toxic Radia  Pois           50%        N/A       3%          4
h - Freezing Cloud        Conj/Ice/Air   24%        6-21      10%         5

Your spell library contained the following spells:

 Spells                   Type           Power      Damage    Failure   Level
 Animate Skeleton         Necr           100%       N/A       0%          1
 Beastly Appendage        Tmut           100%       N/A       0%          1
 Freeze                   Ice            100%       1d11      0%          1
 Pain                     Necr           100%       1d9       0%          1
 Sublimation of Blood     Necr           48%        N/A       0%          2
 Wereblood                Tmut           91%        N/A       0%          2
 Vampiric Draining        Necr           48%        2d12      0%          3
 Animate Dead             Necr           48%        N/A       0%          4
 Dispel Undead            Necr           97%        3d30      0%          4
 Sting                    Tmut/Pois      100%       1d8       1%          1
 Corpse Rot               Necr/Air       N/A        N/A       1%          2
 Ensorcelled Hibernation  Hex/Ice        100%       N/A       1%          2
 Passwall                 Tmut/Erth      60%        N/A       1%          2
 Poisonous Vapours        Pois/Air       70%        N/A       1%          2
 Frozen Ramparts          Ice            100%       1d12      1%          3
 Ignite Poison            Fire/Tmut/Pois 60%        N/A       1%          3
 Ozocubu's Armour         Ice            82%        N/A       1%          3
 Spider Form              Tmut/Pois      36%        N/A       1%          3
 Ice Form                 Ice/Tmut       87%        N/A       1%          4
 Petrify                  Tmut/Erth      72%        N/A       1%          4
 Summon Ice Beast         Ice/Summ       59%        N/A       1%          4
 Agony                    Necr           97%        N/A       1%          5
 Alistair's Intoxication  Tmut/Pois      48%        N/A       1%          5
 Blade Hands              Tmut           45%        N/A       1%          5
 Borgnjor's Vile Clutch   Necr/Erth      38%        N/A       1%          5
 Excruciating Wounds      Necr           48%        N/A       1%          5
 Yara's Violent Unravell  Hex/Tmut       32%        3d13      1%          5
 Death Channel            Necr           48%        N/A       1%          6
 Simulacrum               Ice/Necr       45%        N/A       1%          6
 Apportation              Tloc           40%        N/A       2%          1
 Corona                   Hex            22%        N/A       2%          1
 Foxfire                  Conj/Fire      80%        2x1d8     2%          1
 Magic Dart               Conj           80%        1d7       2%          1
 Shock                    Conj/Air       80%        1d8       2%          1
 Summon Small Mammal      Summ           80%        N/A       2%          1
 Borgnjor's Revivificati  Necr           48%        N/A       2%          8
 Infestation              Necr           48%        N/A       2%          8
 Stone Arrow              Conj/Erth      68%        3d11      3%          3
 Metabolic Englaciation   Hex/Ice        29%        N/A       3%          5
 Eringya's Noxious Bog    Tmut/Pois      36%        N/A       3%          6
 Statue Form              Tmut/Erth      48%        N/A       3%          6
 Blink                    Tloc           N/A        N/A       4%          2
 Searing Ray              Conj           40%        3d4       4%          2
 Slow                     Hex            20%        N/A       4%          2
 Static Discharge         Conj/Air       20%        N/A       4%          2
 Mephitic Cloud           Conj/Pois/Air  30%        N/A       4%          3
 Call Canine Familiar     Summ           20%        N/A       9%          3
 Confusing Touch          Hex            20%        N/A       9%          3
 Conjure Flame            Conj/Fire      20%        6-21      9%          3
 Dazzling Flash           Conj/Hex       40%        N/A       9%          3
 Gell's Gravitas          Tloc           10%        N/A       9%          3
 Inner Flame              Hex/Fire       20%        N/A       9%          3
 Lesser Beckoning         Tloc           10%        N/A       9%          3
 Portal Projectile        Hex/Tloc       40%        N/A       9%          3
 Summon Guardian Golem    Hex/Summ       20%        N/A       9%          3
 Swiftness                Air            20%        N/A       9%          3
 Teleport Other           Tloc           20%        N/A       9%          3
 Tukima's Dance           Hex            20%        N/A       9%          3
 Animate Armour           Summ/Erth      68%        N/A       10%         4
 Leda's Liquefaction      Hex/Erth       17%        N/A       10%         4
 Lee's Rapid Deconstruct  Erth           23%        3d14*     11%         5
 Airstrike                Air            10%        N/A       26%         4
 Cause Fear               Hex            10%        N/A       26%         4
 Fulminant Prism          Conj/Hex       10%        3d9       26%         4
 Iskenderun's Mystic Bla  Conj/Tloc      20%        2d6       26%         4
 Passage of Golubria      Tloc           N/A        N/A       26%         4
 Sticky Flame             Conj/Fire      20%        2d4       26%         4
 Summon Lightning Spire   Summ/Air       20%        N/A       26%         4
 Haunt                    Necr/Summ      34%        N/A       26%         7
 Bolt of Magma            Conj/Fire/Erth 14%        4d8       34%         5
 Death's Door             Necr           48%        N/A       38%         9
 Storm Form               Tmut/Air       32%        N/A       43%         7
 Iskenderun's Battlesphe  Conj           20%        2d7       56%         5
 Lightning Bolt           Conj/Air       10%        1d23      56%         5
 Manifold Assault         Tloc           20%        N/A       56%         5
 Silence                  Hex/Air        10%        N/A       56%         5
 Summon Forest            Summ/Tloc      10%        N/A       56%         5
 Iron Shot                Conj/Erth      17%        9d4       80%         6
 Conjure Ball Lightning   Conj/Air       10%        3x3d6     98%         6
 Dispersal                Tloc           10%        N/A       98%         6
 Invisibility             Hex            10%        N/A       98%         6
 Starburst                Conj/Fire      10%        6d5       98%         6
 Malign Gateway           Summ/Tloc      10%        N/A       100%        7
 Monstrous Menagerie      Summ           10%        N/A       100%        7
 Orb of Destruction       Conj           10%        9d5       100%        7
 Spellforged Servitor     Conj/Summ      10%        N/A       100%        7
 Summon Hydra             Summ           10%        N/A       100%        7
 Discord                  Hex            10%        N/A       100%        8
 Disjunction              Tloc           10%        N/A       100%        8
 Lehudib's Crystal Spear  Conj/Erth      17%        10d5      100%        8
 Maxwell's Capacitive Co  Air            10%        ∞         100%        8
 Summon Horrible Things   Summ           10%        N/A       100%        8
 Chain Lightning          Conj/Air       10%        3d13      100%        9


Dungeon Overview and Level Annotations

Branches:
Dungeon (15/15)            Temple (0/1) D:4            Lair (6/6) D:11
  Swamp (4/4) Lair:4       Spider (4/4) Lair:3        Slime (5/5) Lair:5
    Orc (2/2) D:12            Elf (3/3) Orc:2        Vaults (5/5) D:13
  Crypt (3/3) Vaults:2       Tomb (0/3) Crypt:3      Depths (5/5) D:15
   Hell (visited)             Dis (1/7) Hell            Geh (7/7) Hell
    Coc (0/7) Hell            Tar (7/7) Hell            Zot (0/5) Depths:5
  IceCv (visited)         Gauntlet (visited)

Altars:
Ashenzari
Cheibriados
Fedhas
Hepliaklqana
Kikubaaqudgha
Makhleb
Nemelex Xobeh
Okawaru
Sif Muna
Trog
Uskayaw
Vehumet
Wu Jian
Xom
Yredelemnul
Zin
The Shining One
Beogh
Jiyva

Shops:
D:1 *   D:5 (::   D:6 *   Orc:2 **((   Elf:3 ?   Vaults:1 (   Vaults:2 [*
Vaults:5 *   Depths:1 ([!!

Portals:
Hell: Depths:1 Depths:2 Depths:3 Depths:4 Depths:5
Abyss: Depths:1 Depths:4 Depths:5
Pandemonium: Depths:1 Depths:3 Depths:4

Annotations:
Slime:5 Royal Jelly
Elf:2 1 runed translucent door


Innate Abilities, Weirdness & Mutations

You have a pair of large horns on your head.
You are completely covered in large bone plates. (SH +8)
You frequently emit foul miasma when damaged in melee.
You are extremely robust. (+30% HP)
Spells you cast and wands you use may paralyse nearby enemies.
You possess an exceptional clarity of mind.
Your mind is acute. (Int +2)
You are somewhat resistant to further mutation.
You have acidic saliva.
Your translucent skin slightly reduces your foes' accuracy. (Stealth+)
You have a small jelly attached to you that senses nearby items.


Message History

* * * LOW HITPOINT WARNING * * *
The damnation engulfs something!!
Reactivating autopickup.
You feel a bit more experienced.
A purple draconian comes into view. It is wielding a +0 flail.
Unknown command.
Unknown command.
You cannot drink potions in your current state!
As you read the scroll of torment, it crumbles to dust.
You feel a surge of unholy energy.
The red draconian scorcher convulses!
The green draconian monk convulses!
The purple draconian convulses!
The purple draconian annihilator convulses!
The yellow draconian shifter convulses!
The white draconian stormcaller convulses!
The black draconian monk convulses!
The red draconian scorcher convulses!
The black draconian convulses!
The yellow draconian shifter convulses!
The red draconian convulses!
The black draconian stormcaller convulses!
The purple draconian monk convulses!
The black draconian convulses!
The red draconian convulses!
The black draconian convulses!
The yellow draconian stormcaller convulses!
The red draconian annihilator convulses!
The yellow draconian scorcher convulses!
Something is bathed in an unholy light!
The green draconian monk convulses!
The red draconian convulses!
The green draconian stormcaller convulses!
The death drake convulses!
The red draconian shifter convulses!
The purple draconian convulses!
You feel yourself come back to life.
The black draconian is no longer paralysed.
The white draconian stormcaller is no longer paralysed.
The red draconian scorcher is no longer paralysed.
The green draconian monk is no longer paralysed.
The red draconian is no longer paralysed.
The green draconian stormcaller invokes the aid of Qazlal against you.
Qazlal smites you!
* * * LOW HITPOINT WARNING * * *
The red draconian scorcher gestures at you while chanting.
The sphere of damnation explodes!
The damnation engulfs you!!
You die...

.. #.....q.....#...#...
#####...........#####...
d.......................
q.k§....................
q...dq§.................
...qqdq.d...............
...dq.)))...............
q.qdqq)@[...............
....qq.[)...............
.§.qddqq................
.......{................
........................
........................
#####...........#####...
.. #...........#...#...


You could see 4 draconians, 3 draconians, 2 draconians, 3 draconians, 3
draconians, 4 draconians, 3 draconians, 3 draconians and a death drake
(summoned).

Vanquished Creatures
  Asmodeus (Geh:7)
  Ereshkigal (Tar:7)
  2 pandemonium lords
  7 dread liches
  10 ancient liches
  Khufu (Crypt:2)
  8 juggernauts
  9 royal mummies
  Boris (twice) (Depths:5 Crypt:3)
  A Killer Klown (Zig:7)
  Margery (Depths:4)
  Frederick (Depths:5)
  Bai Suzhen (Depths:2)
  A curse toe (Crypt:3)
  Xtahua (Depths:3)
  Saint Roka (Depths:1)
  A caustic shrike (Depths:3)
  Geryon (Hell)
  The ghost of Huhoepul the Warrior, an adept DgCj (Depths:4)
  10 golden dragons
  15 bone dragons
  A profane servitor (Abyss:1)
  22 Tzitzimimeh
  6 iron giants
  6 doom hounds
  15 Brimstone Fiends
  Jorgrun (Swamp:2)
  11 liches
  A hellephant (Hell)
  8 tentacled monstrosities
  Asterion (Spider:1)
  11 titans
  8 Hell Sentinels
  2 quicksilver dragons
  2 Ice Fiends (Dis:1)
  5 deep elf blademasters
  28 ancient champions
  30 tentacled starspawn
  4 deep elf master archers
  An Executioner (Zig:10)
  9 storm dragons
  Kirke (Lair:6)
  Gastronok (Lair:3)
  3 thorn hunters
  7 sphinxes
  Roxanne (Elf:1)
  10 tengu reavers
  10 shadow dragons
  16 revenants
  A daeva (Depths:2)
  14 nagarajas
  3 azure jellies (Lair:5)
  4 deep elf sorcerers
  3 draconian monks
  4 draconian scorchers
  A fenstrider witch (Swamp:4)
  16 frost giants
  18 fire giants
  2 ghost moths (Spider:4)
  2 orc warlords
  A corrupter (Zig:10)
  14 balrugs
  4 draconian knights (Zig:24)
  2 warmongers (Zig:10)
  5 emperor scorpions (Spider:4)
  9 cacodemons
  2 deep elf elementalists
  5 draconian stormcallers
  3 draconian annihilators
  14 ghouls
  2 angels
  12 curse skulls
  2 draconian shifters
  11 vault wardens
  53 reapers
  7 war gargoyles
  2 caustic shrike skeletons
  22 ironbound preservers
  2 ophanim (Abyss:3)
  38 stone giants
  74 very ugly things
  The ghost of MolotovDodgeball the Brawler, a journeyman TrBr of Ru (Lair:6)
  30 vampire knights
  3 green draconians (Depths:5)
  2 bennus (Zig:16)
  An entropy weaver (Spider:1)
  A juggernaut skeleton (Zig:14)
  11 deep elf demonologists
  Nessos (Lair:6)
  4 lorocyprocas
  3 dire elephants
  A minotaur (Gauntlet)
  A white draconian (Abyss:1)
  3 yellow draconians
  A black draconian (Zig:24)
  A bunyip (Swamp:3)
  5 spark wasps
  16 deep elf annihilators
  3 green deaths
  5 quicksilver dragon zombies
  22 deep elf death magi
  2 eleionomae
  5 blizzard demons
  A crystal guardian (Vaults:4)
  9 mummy priests
  18 eidola
  27 jiangshi
  13 ettins
  Snorg (D:11)
  8 fire dragons
  13 deep elf high priests
  16 yaktaur captains
  7 great orbs of eyes
  3 shambling mangroves
  4 ironbound thunderhulks
  20 salamander tyrants
  19 rakshasas
  2 ghost crabs
  A juggernaut simulacrum (Zig:11)
  29 vault guards
  10 boulder beetles
  2 hell beasts
  3 peacekeepers
  12 ice dragons
  2 ogre magi
  Erolcha (D:11)
  12 ironbound frosthearts
  4 quicksilver dragon skeletons
  A monstrous demonspawn (Depths:1)
  7 naga warriors
  A spriggan air mage (Depths:3)
  25 hydras
  Erica (D:8)
  4 catoblepae
  2 two-headed ogres (shapeshifter)
  6 anacondas (Zig:22)
  A satyr (shapeshifter) (Vaults:5)
  11 alligators
  7 death yaks
  9 deep troll shamans
  29 dancing weapons
  14 centaur warriors
  2 death knights
  5 deep troll earth magi
  8 tengu warriors
  11 two-headed ogres
  35 vampire magi
  8 naga sharpshooters
  5 death scarabs
  4 ironbound beastmasters
  30 hell hogs
  5 orc high priests
  Urug (Orc:2)
  5 shock serpents
  6 spriggan berserkers
  92 hell knights
  29 thrashing horrors
  31 deep elf knights
  10 titan zombies
  2 iron golems
  3 titan skeletons
  3 storm dragon zombies
  22 soul eaters
  17 sun demons
  25 wretched stars
  A salamander mystic (Zig:15)
  7 shadow wraiths
  A goliath frog (Swamp:1)
  9 iron trolls
  2 death drakes (Zig:18)
  3 golden dragon zombies
  6 glowing orange brains
  68 skeletal warriors
  3 ghost moth zombies
  5 storm dragon skeletons
  A deep troll (shapeshifter) (Depths:5)
  14 spatial maelstroms
  2 naga ritualists
  13 flayed ghosts
  9 sixfirhies
  11 shadow demons
  8 spriggan druids
  2 sea snakes (shapeshifter)
  19 deep elf archers
  A torturous demonspawn (Depths:3)
  51 deep trolls
  12 swamp dragons
  62 large abominations
  The ghost of nemesis the Destroyer, a novice DsCj of Vehumet (D:7)
  7 bog bodies
  7 orange crystal statues
  8 anaconda zombies
  3 anaconda skeletons
  The ghost of teukkam the Skirmisher, a novice MiMo of the Shining One (D:7)
  A tengu zombie (Vaults:1)
  14 harpies
  9 lindwurms
  36 deep elf pyromancers
  24 phantasmal warriors
  10 wizards
  3 golden dragon skeletons
  7 iron dragon zombies
  11 orc knights
  14 ironbound convokers
  6 wolf spider zombies
  43 deep elf zephyrmancers
  23 necromancers
  3 shadow dragon skeletons
  7 frost giant zombies
  2 human zombies
  21 wolf spiders
  76 ugly things
  2 mana vipers
  7 oklob plants
  10 fire giant zombies
  2 moths of wrath (shapeshifter)
  16 orb spiders
  3 stone giant zombies
  3 iron dragon skeletons
  5 salamanders
  11 will-o-the-wisps
  A sphinx skeleton (Zig:16)
  31 cyclopes
  2 eleionoma skeletons
  10 elephants
  12 orc sorcerers
  A salamander (shapeshifter) (Abyss:3)
  2 cyclopes (shapeshifter)
  2 shock serpent zombies
  14 guardian serpents
  6 manticores
  3 moths of wrath
  An alligator snapping turtle zombie (Crypt:2)
  12 naga magi
  16 rust devils
  20 vault sentinels
  7 worldbinders
  19 black mambas
  7 stone giant skeletons
  6 fire giant skeletons
  An elephant (shapeshifter) (Vaults:5)
  9 frost giant skeletons
  2 torpor snails
  A torpor snail (shapeshifter) (Depths:3)
  8 ice statues
  30 smoke demons
  5 apocalypse crabs
  3 dire elephant zombies
  13 orange demons
  2 yellow draconian zombies
  3 gargoyles
  The ghost of Quickbrownfox the Skirmisher, a novice DsMo of Nemelex Xobeh (D:7)
  9 dire elephant skeletons
  18 freezing wraiths
  34 hellions
  An unseen horror (Abyss:3)
  14 molten gargoyles
  A shock serpent skeleton (Tar:7)
  2 catoblepas zombies
  A yaktaur zombie (Vaults:4)
  2 emperor scorpion zombies
  9 cane toads
  A kobold demonologist (Abyss:1)
  6 rime drakes
  11 komodo dragons
  18 tormentors
  12 efreet
  A red draconian zombie (Crypt:3)
  5 ice devils
  18 demonic crawlers
  24 ancient zymes
  An anaconda simulacrum (Hell)
  23 guardian mummies
  A golden dragon simulacrum (Hell)
  2 white draconian skeletons (Abyss:1)
  A green draconian skeleton (Geh:6)
  22 yaktaurs
  A catoblepas skeleton (Geh:6)
  2 silent spectres
  A queen bee (shapeshifter) (Abyss:3)
  19 red devils
  10 hydra zombies
  6 hellwings
  6 tengu conjurers
  3 harpy zombies
  10 trolls
  2 minotaur skeletons
  A spriggan skeleton (Depths:2)
  A troll (shapeshifter) (Elf:3)
  3 meliai (D:13)
  17 polar bears
  2 shadow dragon simulacra
  A death drake zombie (Crypt:2)
  A wind drake (Zig:4)
  A jumping spider (shapeshifter) (Zig:21)
  2 merfolk (Zig:4)
  21 hornets
  19 jumping spiders
  10 dream sheep
  8 tyrant leeches
  A blink frog (shapeshifter) (Depths:4)
  3 hydra skeletons
  7 ettin zombies
  36 raiju
  3 ice dragon zombies
  20 slime creatures
  A frost giant simulacrum (Zig:1)
  A snapping turtle (Zig:4)
  A human simulacrum (Vaults:4)
  A stone giant simulacrum (Abyss:3)
  5 alligator zombies
  5 fire dragon zombies
  25 blink frogs
  11 water elementals
  2 ice dragon skeletons
  9 spriggans
  7 air elementals
  96 flying skulls
  43 shadows
  3 black mamba zombies
  76 redbacks
  11 ettin skeletons
  20 tarantellas
  4 vampires
  18 ynoxinuls
  29 wraiths
  A wind drake zombie (Crypt:1)
  Eustachio (D:5)
  5 hogs (Lair:6)
  4 wyverns
  8 fire dragon skeletons
  A black mamba skeleton (Tar:1)
  8 fire bats
  5 ushabtiu
  31 yaks
  55 small abominations
  A human (shapeshifter) (Abyss:3)
  Grum (D:11)
  15 chaos spawn
  37 fire elementals
  2 humans (D:13)
  3 basilisks
  A basilisk (shapeshifter) (Abyss:1)
  2 steam dragons
  5 vampire mosquitoes
  A hog (shapeshifter) (D:14)
  25 neqoxecs
  27 spatial vortices
  10 wargs
  5 elf skeletons
  A harpy simulacrum (Crypt:3)
  A warg (shapeshifter) (Vaults:3)
  6 nagas
  22 swamp worms
  3 acid dragons
  4 cane toad zombies
  A torturous demonspawn skeleton (Crypt:3)
  Duvessa (D:5)
  A monstrous demonspawn skeleton (Tar:4)
  A floating eye (Lair:6)
  9 water moccasins
  41 hell hounds
  2 merfolk skeletons
  A water nymph skeleton (Crypt:1)
  A swamp drake (shapeshifter) (Vaults:5)
  A floating eye (shapeshifter) (Depths:4)
  19 black bears
  42 orc warriors
  5 cane toad skeletons
  A swamp dragon zombie (Geh:6)
  7 swamp drakes
  2 manticore zombies
  An ice beast (Abyss:1)
  4 sky beasts
  18 boggarts
  33 necrophages
  3 snapping turtle zombies
  6 centaurs
  2 boggarts (shapeshifter) (Depths:4)
  27 ogres
  21 wolves
  2 centaurs (shapeshifter)
  4 snapping turtle skeletons
  2 swamp dragon skeletons (Tar:7)
  6 phantoms
  A manticore skeleton (Tar:4)
  An elf zombie (Geh:7)
  A cyclops zombie (Crypt:1)
  3 kobold brigands
  8 bullfrogs
  4 earth elementals
  2 gnoll sergeants
  Dowan (D:5)
  8 scorpions
  A cane toad simulacrum (Hell)
  8 human skeletons
  A hornet simulacrum (D:15)
  2 spriggan zombies
  14 killer bees
  A snapping turtle simulacrum (Crypt:2)
  3 lindwurm simulacra (IceCv)
  A warg skeleton (Crypt:1)
  68 wights
  6 howler monkeys
  12 electric eels
  A howler monkey (shapeshifter) (Depths:4)
  10 crimson imps
  8 komodo dragon simulacra (IceCv)
  142 starcursed masses
  5 centaur zombies
  10 quasits
  29 orc priests
  Crazy Yiuf (D:2)
  A hound (shapeshifter) (Depths:4)
  A bullfrog zombie (D:7)
  A bullfrog skeleton (D:5)
  A hound (D:5)
  8 iron imps
  2 jellies
  Ijyb (D:4)
  12 hell rats (Hell)
  An iguana (D:5)
  An iguana (shapeshifter) (Depths:4)
  28 orc wizards
  4 lightning spires (Zig:22)
  An ogre zombie (Dis:1)
  2 naga zombies
  5 tengu skeletons
  A deep dwarf skeleton (Crypt:3)
  35 mummies
  A howler monkey skeleton (Crypt:3)
  4 acid dragon simulacra (IceCv)
  8 adders
  7 gnolls
  10 shadow imps
  2 steam dragon skeletons
  12 white imps
  A howler monkey simulacrum (D:9)
  13 ufetubi
  6 steam dragon simulacra (IceCv)
  5 worms
  112 orcs
  8 ball pythons
  12 endoplasms
  6 giant cockroaches
  4 hobgoblins
  A hobgoblin (shapeshifter) (Depths:4)
  3 quokkas
  A ball python skeleton (Crypt:2)
  7 bats
  3 frilled lizards
  4 goblins
  16 kobolds
  An orc skeleton (Abyss:1)
  An orc zombie (Abyss:1)
  2 rats
  24 briar patches
  2 bushes
  14 butterflies
  6 lurking horrors
  A plant (Depths:3)
  24 starspawn tentacles
4596 creatures vanquished.

Vanquished Creatures (collateral kills)
  3 Brimstone Fiends
  3 Tzitzimimeh
  A tentacled monstrosity (Depths:4)
  2 emperor scorpions (Spider:4)
  A frost giant (D:9)
  A deep elf elementalist (Elf:3)
  2 very ugly things (Depths:4)
  2 reapers
  3 deep elf demonologists (Elf:3)
  An ettin (shapeshifter) (Elf:3)
  A deep elf death mage (Elf:3)
  A fire dragon (Depths:2)
  A dancing weapon (Elf:2)
  A vampire mage (Tar:7)
  2 hell knights
  A skeletal warrior (Dis:1)
  A flayed ghost (Geh:7)
  The ghost of Araneus the Basher, a novice DsFi of Qazlal (D:7)
  A starcursed mass (Abyss:1)
  A glowing orange brain (Depths:4)
  A swamp dragon (Swamp:4)
  A necromancer (Geh:4)
  3 orb spiders (Spider:4)
  2 wolf spiders (Spider:4)
  A smoke demon (Geh:7)
  An iron dragon skeleton (Geh:4)
  A dire elephant skeleton (Geh:4)
  An efreet (D:9)
  3 tormentors
  2 demonic crawlers (Spider:4)
  A hornet (Spider:4)
  3 slime creatures (D:13)
  A fire dragon skeleton (Geh:4)
  A water elemental (D:13)
  A shadow (Tar:7)
  A fire elemental (Geh:4)
  A centaur (D:9)
  A bullfrog (D:9)
  5 killer bees (D:9)
  2 orcs (D:9)
63 creatures vanquished.

Vanquished Creatures (others)
  An ancient lich (Zig:8)
  2 golden dragons
  A lich (Zig:17)
  An acid blob (Geh:7)
  A draconian knight (Zig:24)
  A fire giant (Vaults:5)
  A draconian annihilator (Zig:24)
  A stone giant (Zig:17)
  8 great orbs of eyes
  A hydra (Zig:18)
  2 hell hogs
  A soul eater (Zig:8)
  A ghost moth zombie (Dis:1)
  10 glowing orange brains
  A swamp dragon (shapeshifter) (Abyss:1)
  A bog body (Swamp:1)
  A wizard (Abyss:3)
  An orange crystal statue (Zig:18)
  A deep elf zephyrmancer (Elf:3)
  A deep elf pyromancer (Elf:2)
  An orb spider (shapeshifter) (Abyss:2)
  A cyclops (Crypt:2)
  A stone giant zombie (Abyss:3)
  A manticore (shapeshifter) (Abyss:1)
  3 shining eyes (Abyss:3)
  A will-o-the-wisp (Zig:18)
  2 worldbinders
  A black mamba (shapeshifter) (Abyss:2)
  An eye of devastation (Abyss:2)
  A smoke demon (Zig:12)
  A hydra zombie (Geh:4)
  An ice devil (Abyss:2)
  A bloated husk (Swamp:1)
  A silent spectre (Abyss:2)
  2 hornets (Zig:18)
  8 slime creatures (Abyss:3)
  2 raiju (Abyss:2)
  A raiju (shapeshifter) (Abyss:3)
  2 flying skulls
  3 large abominations
  A water elemental (Elf:2)
  2 ynoxinuls
  11 golden eyes
  A shadow (Tar:6)
  A wraith (Geh:4)
  A swamp worm (Swamp:2)
  A spatial vortex (Abyss:2)
  2 wolves (Lair:5)
  2 necrophages
  A boggart (Vaults:2)
  8 small abominations
  A water moccasin zombie (Crypt:3)
  A wight (Tar:2)
  A crimson imp (Geh:7)
  A human zombie (Dis:1)
  A quasit (Abyss:1)
  2 starcursed masses
  An orc priest (Orc:2)
  176 jellies
  A centaur skeleton (Geh:6)
  A mummy (Crypt:3)
  2 white imps
  An ufetubus (Abyss:1)
  An orc skeleton (Crypt:2)
  A briar patch (Swamp:4)
  24 foxfires
  15 fungi
  A lurking horror (Abyss:2)
  176 plants
  42 starspawn tentacles
553 creatures vanquished.

Grand Total: 5212 creatures vanquished

Notes
Turn   | Place    | Note
-------+----------+-------------------------------------------
     0 | D:1      | Kinoniko the Demonspawn Berserker began the quest for the
                  | Orb.
     0 | D:1      | Reached XP level 1. HP: 18/18 MP: 1/1
   237 | D:1      | Found Niol's General Store.
   308 | D:1      | Gained mutation: You have a pair of small horns on your
                  | head. [demonic ancestry]
   308 | D:1      | Reached XP level 2. HP: 18/24 MP: 2/2
   693 | D:1      | You fall into a shaft and drop 1 floor!
  1180 | D:2      | Gained mutation: You may rarely emit foul miasma when
                  | damaged in melee. [demonic ancestry]
  1180 | D:2      | Reached XP level 3. HP: 22/29 MP: 3/3
  1341 | D:2      | Reached ** piety under Trog
  1726 | D:2      | Found a runed translucent door.
  1727 | D:2      | Noticed Crazy Yiuf
  2194 | D:2      | Killed Crazy Yiuf
  2195 | D:2      | Gained mutation: You have a pair of horns on your head.
                  | [demonic ancestry]
  2195 | D:2      | Reached XP level 4. HP: 35/35 MP: 4/4
  2629 | D:3      | Reached skill level 5 in Axes
  2634 | D:3      | Reached XP level 5. HP: 32/41 MP: 5/5
  3167 | D:3      | Found a shimmering altar of Xom.
  3643 | D:4      | Found a blossoming altar of Fedhas.
  3652 | D:4      | Noticed a black bear
  3654 | D:4      | Noticed Ijyb
  3659 | D:4      | Killed a black bear
  3660 | D:4      | Reached XP level 6. HP: 47/47 MP: 6/6
  3665 | D:4      | Killed Ijyb
  3834 | D:4      | Identified the +1 leather armour of an ossuary {Will+
                  | Stlth+}
  3891 | D:4      | Found a snail-covered altar of Cheibriados.
  3968 | D:4      | Found a radiant altar of Vehumet.
  4211 | D:4      | Found a staircase to the Ecumenical Temple.
  4658 | D:4      | Identified a scroll of acquirement
  4659 | D:4      | Acquired a manual of Fighting
  4732 | D:5      | Entered Level 5 of the Dungeon
  4784 | D:5      | Reached *** piety under Trog
  4789 | D:5      | Gained mutation: You are partially covered in large bone
                  | plates. (SH +4) [demonic ancestry]
  4789 | D:5      | Reached XP level 7. HP: 18/53 MP: 7/7
  5012 | D:5      | Found Byobbukhlos's Book Boutique.
  5034 | D:5      | Found Mitur's Antique Weapon Emporium.
  5085 | D:5      | Bought a runed war axe for 123 gold pieces
  5313 | D:5      | Found Ziamivos's Book Emporium.
  5365 | D:5      | Noticed Eustachio
  5372 | D:5      | Killed Eustachio
  5373 | D:5      | Reached skill level 5 in Fighting
  5566 | D:5      | Noticed Dowan
  5567 | D:5      | Noticed Duvessa
  5575 | D:5      | Killed Duvessa
  5576 | D:5      | Gained mutation: Spells you cast may paralyse adjacent
                  | enemies. [demonic ancestry]
  5576 | D:5      | Reached XP level 8. HP: 64/64 MP: 8/8
  5583 | D:5      | Killed Dowan
  5714 | D:5      | Found Toetwek's Antique Weapon Emporium.
  6112 | D:6      | Found Eryonogyur's Profane Products.
  6333 | D:6      | Identified the +6 chain mail "Soixt" {Dex+7}
  6560 | D:7      | Reached **** piety under Trog
  6893 | D:7      | Found a runed translucent gate.
  6895 | D:7      | Found a runed translucent gate.
  6896 | D:7      | Found a runed translucent gate.
  6897 | D:7      | Noticed teukkam's ghost (novice MiMo)
  6897 | D:7      | Noticed Quickbrownfox's ghost (novice DsMo)
  6897 | D:7      | Noticed nemesis's ghost (novice DsCj)
  6897 | D:7      | Noticed Araneus's ghost (novice DsFi)
  6974 | D:7      | Identified the +2 leather armour "Giatyrro" {rPois}
  7036 | D:7      | Found a hazy altar of Hepliaklqana.
  7041 | D:7      | Gained mutation: You are mostly covered in large bone
                  | plates. (SH +6) [demonic ancestry]
  7041 | D:7      | Reached XP level 9. HP: 75/75 MP: 9/9
  7061 | D:7      | Reached skill level 10 in Axes
  7521 | D:8      | Noticed Erica
  7542 | D:8      | Killed Erica
  7713 | D:8      | Noticed a two-headed ogre
  7718 | D:8      | Killed a two-headed ogre
  7719 | D:8      | Reached skill level 10 in Fighting
  8388 | D:9      | Reached XP level 10. HP: 86/86 MP: 10/10
  8397 | D:9      | Reached skill level 1 in Shields
  8502 | D:9      | Noticed a tengu warrior
  8517 | D:9      | Killed a tengu warrior
  8595 | D:9      | Noticed a cyclops
  8637 | D:9      | Killed a cyclops
  8878 | D:9      | Identified the +1 ring mail of Gravitas {Will+ Regen+ Str+3
                  | SInv}
  8964 | D:9      | Noticed a boulder beetle
  8976 | D:9      | Killed a boulder beetle
  9054 | D:9      | Found a burning altar of Makhleb.
  9740 | D:10     | Entered Level 10 of the Dungeon
  9775 | D:10     | You fall into a shaft and drop 3 floors!
  9775 | D:13     | Noticed an orc sorcerer
  9775 | D:13     | Noticed a vault guard
  9775 | D:13     | Noticed a gargoyle
  9782 | D:13     | Killed an orc sorcerer
  9788 | D:13     | Killed a vault guard
  9788 | D:13     | Killed a gargoyle
  9789 | D:13     | Reached XP level 11. HP: 81/96 MP: 11/11
  9936 | D:13     | Found a gate to the Vaults.
  9936 | D:13     | Noticed a vault guard
  9937 | D:13     | Noticed a vault guard
  9948 | D:13     | Killed a vault guard
  9955 | D:13     | Killed a vault guard
 10003 | D:13     | Noticed a vault guard
 10015 | D:13     | Killed a vault guard
 10084 | D:13     | Noticed a vault guard
 10115 | D:13     | Killed a vault guard
 10116 | D:13     | Reached skill level 5 in Shields
 10224 | D:13     | Noticed a tengu warrior
 10230 | D:13     | Killed a tengu warrior
 10332 | D:11     | Noticed Snorg
 10340 | D:11     | Killed Snorg
 10522 | D:11     | Found a staircase to the Lair.
 10530 | D:11     | Reached ***** piety under Trog
 10841 | D:9      | Noticed a wolf spider
 10850 | D:9      | Killed a wolf spider
 10916 | D:9      | Noticed a frost giant
 10928 | D:9      | Killed a frost giant
 10936 | D:9      | Gained mutation: You sometimes emit foul miasma when
                  | damaged in melee. [demonic ancestry]
 10936 | D:9      | Reached XP level 12. HP: 106/106 MP: 12/12
 11288 | D:10     | Found a sparkling altar of Nemelex Xobeh.
 11291 | D:10     | Found a shimmering blue altar of Sif Muna.
 11301 | D:10     | Found a broken altar of Ashenzari.
 11487 | D:10     | Found an iron altar of Okawaru.
 12312 | D:11     | Noticed Erolcha
 12318 | D:11     | Killed Erolcha
 12416 | D:11     | Noticed a two-headed ogre
 12421 | D:11     | Killed a two-headed ogre
 12540 | D:11     | Noticed Grum
 12551 | D:11     | Killed Grum
 12655 | D:11     | Noticed a boulder beetle
 12663 | D:11     | Killed a boulder beetle
 13087 | D:11     | Noticed a centaur warrior
 13095 | D:11     | Killed a centaur warrior
 13097 | D:11     | Reached skill level 15 in Axes
 13613 | D:12     | Found a staircase to the Orcish Mines.
 13842 | D:12     | Noticed a two-headed ogre
 13847 | D:12     | Killed a two-headed ogre
 14408 | D:12     | Noticed a boulder beetle
 14425 | D:12     | Killed a boulder beetle
 14901 | Lair:1   | Entered Level 1 of the Lair of Beasts
 14902 | Lair:1   | Acquired a +1 broad axe of freezing
 15044 | Lair:1   | Found a frozen archway.
 15071 | IceCv    | Entered an ice cave
 15376 | IceCv    | Reached XP level 13. HP: 112/112 MP: 13/13
 15874 | Lair:1   | Acquired a manual of Fighting
 15900 | Lair:1   | Found a blossoming altar of Fedhas.
 16138 | Lair:1   | Reached skill level 5 in Dodging
 16486 | Lair:1   | Reached skill level 5 in Armour
 16540 | Lair:1   | Identified the amulet "Jisauxko" {RegenMP *Corrode Will+
                  | Regen+ Str+2}
 16645 | Lair:1   | Acquired a manual of Fighting
 16885 | Lair:2   | Received a gift from Trog
 17924 | Lair:3   | Reached skill level 15 in Fighting
 17970 | Lair:3   | Noticed Gastronok
 17983 | Lair:3   | Killed Gastronok
 18120 | Lair:3   | Found a hole to the Spider Nest.
 18389 | Lair:3   | Reached XP level 14. HP: 123/123 MP: 14/14
 19209 | Lair:4   | Found a staircase to the Swamp.
 19359 | Lair:4   | Received a gift from Trog
 20171 | Lair:5   | Found a runed translucent door.
 20172 | Lair:5   | Found a viscous altar of Jiyva.
 20173 | Lair:5   | Noticed an azure jelly
 20173 | Lair:5   | Noticed an azure jelly
 20174 | Lair:5   | Found a staircase to the Slime Pits.
 20174 | Lair:5   | Noticed an azure jelly
 20664 | Lair:6   | Entered Level 6 of the Lair of Beasts
 20672 | Lair:6   | Paralysed by a floating eye for 3 turns
 20687 | Lair:6   | Noticed Nessos
 20745 | Lair:6   | Found a runed translucent door.
 20745 | Lair:6   | Noticed MolotovDodgeball's ghost (journeyman TrBr)
 20767 | Lair:6   | Found a gate leading to a gauntlet.
 20776 | Gauntlet | Entered a Gauntlet
 20776 | Gauntlet | Found a transporter.
 20861 | Gauntlet | Found a runed translucent door.
 20862 | Gauntlet | Found a transporter.
 20876 | Gauntlet | Found a runed translucent door.
 20878 | Gauntlet | Found a transporter.
 20882 | Gauntlet | Found a transporter.
 20900 | Gauntlet | Found a transporter.
 20913 | Gauntlet | Found a transporter.
 20926 | Gauntlet | Found a transporter.
 20943 | Gauntlet | Found a transporter.
 20947 | Gauntlet | Found a transporter.
 20955 | Gauntlet | Found a transporter.
 20975 | Gauntlet | Found a transporter.
 20985 | Gauntlet | Found a transporter.
 21183 | Gauntlet | Identified a ring of Buhaexut {rElec rPois Will++ Str-4
                  | Dex+6}
 21286 | Gauntlet | Identified the -6 kite shield "Yqompaen" {rC+}
 21309 | Gauntlet | Identified the +0 helmet of the Blind Marksman {+Blink
                  | rPois rN++}
 21310 | Gauntlet | Got the Disquisition on the Toxic Rocks
 21317 | Gauntlet | Identified the +2 cloak of Jarucsud {rF- Will+ Regen+
                  | Int+2}
 21362 | Lair:6   | Killed Nessos
 21830 | Lair:6   | Acquired the +8 broad axe of Mourning {flame, rPois Str-3
                  | SInv}
 22235 | Lair:6   | Reached ****** piety under Trog
 22238 | Lair:6   | Reached XP level 15. HP: 134/134 MP: 15/15
 22472 | Lair:6   | Identified the ring "Werituh" {Fly rF++ rC+ rN+ SInv}
 22622 | Lair:6   | Noticed Kirke
 22635 | Lair:6   | Killed Kirke
 22939 | Lair:6   | Killed MolotovDodgeball's ghost
 24624 | D:7      | Killed Araneus's ghost
 24625 | D:7      | Killed nemesis's ghost
 24627 | D:7      | Killed teukkam's ghost
 24628 | D:7      | Killed Quickbrownfox's ghost
 24863 | Orc:1    | Entered Level 1 of the Orcish Mines
 24972 | Orc:2    | Entered Level 2 of the Orcish Mines
 25308 | Orc:2    | Found Gomuutay's Weapon Shoppe.
 25326 | Orc:2    | Found Vituma's Weapon Emporium.
 25386 | Orc:2    | Noticed Urug
 25394 | Orc:2    | Killed Urug
 25699 | Orc:2    | Received a gift from Trog
 25719 | Orc:2    | Found a staircase to the Elven Halls.
 25901 | Orc:2    | Noticed an orc warlord
 25925 | Orc:2    | Killed an orc warlord
 26049 | Orc:2    | Found Xeytot Odatz's General Store.
 26096 | Orc:2    | Found Ryopp's General Store.
 26103 | Orc:2    | Identified the +10 broad axe "Xegh" {vorpal, Will+ Dex+3}
                  | (Trog gifted it to you on level 2 of the Orcish Mines)
 26103 | Orc:2    | Received a gift from Trog
 26476 | Elf:1    | Entered Level 1 of the Elven Halls
 26657 | Elf:1    | Reached XP level 16. HP: 145/145 MP: 16/16
 26836 | Elf:1    | Noticed Roxanne
 27088 | Elf:1    | Paralysed by an air elemental for 1 turns
 27531 | Elf:1    | Killed Roxanne
 27940 | Swamp:1  | Entered Level 1 of the Swamp
 28025 | Swamp:1  | Noticed a thorn hunter
 28038 | Swamp:1  | Killed a thorn hunter
 28038 | Swamp:1  | Received a gift from Trog
 28656 | Swamp:2  | Noticed Jorgrun
 28682 | Swamp:2  | Killed Jorgrun
 29721 | Swamp:3  | Identified the +8 chain mail of Edwa {rF+}
 29752 | Swamp:4  | Entered Level 4 of the Swamp
 29817 | Swamp:4  | Noticed a thorn hunter
 29858 | Swamp:4  | Killed a thorn hunter
 29860 | Swamp:4  | Reached XP level 17. HP: 136/155 MP: 17/17
 29944 | Swamp:4  | Got a decaying rune of Zot
 30458 | Spider:1 | Entered Level 1 of the Spider Nest
 30459 | Spider:1 | Identified the +2 kite shield of Knowledge {rF- Int+6
                  | Dex+6}
 30459 | Spider:1 | Noticed Asterion
 30465 | Spider:1 | Received a gift from Trog
 30468 | Spider:1 | Killed Asterion
 30603 | Spider:1 | Reached skill level 10 in Shields
 31359 | Spider:2 | Reached skill level 10 in Dodging
 31415 | Spider:2 | Identified the +1 broad axe of Midwinter {vorpal, rN+
                  | Int+3}
 31436 | Spider:2 | Received a gift from Trog
 31504 | Spider:2 | Reached skill level 10 in Armour
 33229 | Spider:4 | Entered Level 4 of the Spider Nest
 33353 | Spider:4 | Received a gift from Trog
 33751 | Spider:4 | Gained mutation: You are completely covered in large bone
                  | plates. (SH +8) [demonic ancestry]
 33751 | Spider:4 | Reached XP level 18. HP: 152/166 MP: 2/18
 34143 | Spider:4 | Got a gossamer rune of Zot
 34582 | Elf:2    | Paralysed by an air elemental for 1 turns
 34593 | Elf:2    | Received a gift from Trog
 34685 | Elf:2    | Found a runed translucent door.
 34714 | Elf:2    | Found a runed translucent door.
 35250 | Elf:2    | Received a gift from Trog
 35256 | Elf:2    | HP: 12/249 [poisoned by a +4 lajatang of venom]
 35546 | Elf:3    | Entered Level 3 of the Elven Halls
 35829 | Elf:3    | Found Arroatt's Magic Scroll Shop.
 35843 | Elf:3    | Bought a scroll of blinking for 150 gold pieces
 35843 | Elf:3    | Bought a scroll of teleportation for 60 gold pieces
 35843 | Elf:3    | Bought a scroll of teleportation for 60 gold pieces
 35843 | Elf:3    | Bought a scroll of magic mapping for 70 gold pieces
 35843 | Elf:3    | Bought a scroll of teleportation for 60 gold pieces
 35843 | Elf:3    | Bought a scroll of teleportation for 60 gold pieces
 35843 | Elf:3    | Bought a scroll of enchant armour for 150 gold pieces
 36019 | Elf:3    | Received a gift from Trog
 36229 | Elf:3    | Reached XP level 19. HP: 173/173 MP: 19/19
 36481 | Elf:3    | Noticed a Tzitzimitl
 36482 | Elf:3    | Noticed a Brimstone Fiend
 36749 | Elf:3    | Received a gift from Trog
 36923 | Elf:3    | Reached skill level 1 in Evocations
 36924 | Elf:3    | Identified the ring of the Red Skies {rF- rN+ Will+ Str-4
                  | Dex+8}
 37108 | Elf:3    | Identified the +9 longbow of Exquisite Death {venom, Dex+4}
 37457 | Vaults:1 | Entered Level 1 of the Vaults
 38044 | Vaults:1 | Received a gift from Trog
 38515 | Vaults:1 | Found a huge runed gate.
 38515 | Vaults:1 | Found a huge runed gate.
 38515 | Vaults:1 | Found a huge runed gate.
 38516 | Vaults:1 | Found a huge runed gate.
 38516 | Vaults:1 | Found a huge runed gate.
 38516 | Vaults:1 | Found a huge runed gate.
 38516 | Vaults:1 | Found a huge runed gate.
 38516 | Vaults:1 | Found a huge runed gate.
 38518 | Vaults:1 | Found a huge runed gate.
 38518 | Vaults:1 | Found a huge runed gate.
 38533 | Vaults:1 | Found a huge runed gate.
 38536 | Vaults:1 | Gained mutation: You have a pair of large horns on your
                  | head. [demonic ancestry]
 38536 | Vaults:1 | Reached XP level 20. HP: 180/180 MP: 20/20
 38546 | Vaults:1 | Found a huge runed gate.
 38589 | Vaults:1 | Found a huge runed gate.
 38590 | Vaults:1 | Found a huge runed gate.
 38591 | Vaults:1 | Found a huge runed gate.
 38600 | Vaults:1 | Found a huge runed gate.
 38602 | Vaults:1 | Found a huge runed gate.
 38603 | Vaults:1 | Found a huge runed gate.
 38604 | Vaults:1 | Found a huge runed gate.
 38612 | Vaults:1 | Found a huge runed gate.
 38612 | Vaults:1 | Found a huge runed gate.
 38612 | Vaults:1 | Found a huge runed gate.
 38612 | Vaults:1 | Found a huge runed gate.
 38612 | Vaults:1 | Found a huge runed gate.
 38612 | Vaults:1 | Found a huge runed gate.
 38613 | Vaults:1 | Found a huge runed gate.
 38614 | Vaults:1 | Found a huge runed gate.
 38615 | Vaults:1 | Found a huge runed gate.
 38637 | Vaults:1 | Found a huge runed gate.
 38637 | Vaults:1 | Found a huge runed gate.
 38637 | Vaults:1 | Found a huge runed gate.
 38637 | Vaults:1 | Found a huge runed gate.
 38637 | Vaults:1 | Found a huge runed gate.
 38638 | Vaults:1 | Found a huge runed gate.
 38645 | Vaults:1 | Found a huge runed gate.
 38646 | Vaults:1 | Found a huge runed gate.
 38841 | Vaults:1 | Found Xeriasink's Antique Weapon Boutique.
 39430 | Vaults:2 | Found a staircase to the Crypt.
 39493 | Vaults:2 | Reached skill level 5 in Evocations
 39643 | Vaults:2 | Found Puxzuu Atee's Assorted Antiques.
 39677 | Vaults:2 | Found Enwiklic's Armour Emporium.
 39679 | Vaults:2 | Bought a scroll of fear for 112 gold pieces
 39679 | Vaults:2 | Bought a scroll of teleportation for 96 gold pieces
 39720 | Vaults:2 | You are sucked into a shaft and drop 2 floors!
 39765 | Vaults:3 | Received a gift from Trog
 40241 | Vaults:3 | Received a gift from Trog
 41271 | Vaults:4 | Reached skill level 15 in Armour
 41271 | Vaults:4 | Reached skill level 15 in Dodging
 41271 | Vaults:4 | Gained mutation: You frequently emit foul miasma when
                  | damaged in melee. [demonic ancestry]
 41271 | Vaults:4 | Reached XP level 21. HP: 159/187 MP: 21/21
 41283 | Vaults:4 | Received a gift from Trog
 41528 | Vaults:4 | Identified the +2 plate armour of the Unstoppable Lovers
                  | {rN++ Regen+ Str-5 Int+3}
 42128 | Vaults:4 | Received a gift from Trog
 42425 | Vaults:5 | Entered Level 5 of the Vaults
 42425 | Vaults:5 | Noticed a golden dragon
 42602 | Vaults:5 | Received a gift from Trog
 42668 | Vaults:5 | Reached skill level 15 in Shields
 42669 | Vaults:5 | Identified the +7 morningstar of Superiority {protect,
                  | SInv}
 42696 | Vaults:5 | Noticed a golden dragon
 42705 | Vaults:5 | Killed a golden dragon
 42714 | Vaults:5 | Gained mutation: Spells you cast may paralyse nearby
                  | enemies. [demonic ancestry]
 42714 | Vaults:5 | Reached XP level 22. HP: 193/194 MP: 22/22
 42758 | Vaults:5 | Identified a ring "Nyicatosk" {rC+ Dex+6}
 42786 | Vaults:5 | Killed a golden dragon
 43089 | Vaults:5 | Identified the +2 pair of boots of the Volcano {Harm Str-2
                  | Dex+7}
 43139 | Vaults:5 | Identified the +5 leather armour of Immorality {rF- Dex+2
                  | SInv}
 43312 | Vaults:5 | Received a gift from Trog
 43361 | Vaults:5 | Identified the +6 mace "Ocsostri" {vamp, rC+ rN++ Str-3
                  | Dex+2}
 43513 | Vaults:5 | Got a silver rune of Zot
 43661 | Vaults:5 | Identified the +7 chain mail of Museyfre {rN++ Str-3}
 43773 | Vaults:5 | Identified the amulet of Gacur {Spirit Harm Fly Str+2
                  | Stlth-}
 43870 | Vaults:5 | Found Beut's General Store.
 43886 | Vaults:5 | Bought a potion of resistance for 150 gold pieces
 43886 | Vaults:5 | Bought a potion of haste for 150 gold pieces
 43886 | Vaults:5 | Bought a potion of curing for 45 gold pieces
 44390 | D:14     | Found a hide-covered altar of Uskayaw.
 45135 | D:15     | Entered Level 15 of the Dungeon
 45163 | D:15     | Received a gift from Trog
 45782 | D:15     | Found a staircase to the Depths.
 46253 | Depths:1 | Entered Level 1 of the Depths
 46316 | Depths:1 | Reached XP level 23. HP: 192/201 MP: 23/23
 46437 | Depths:1 | Found Nusac's Distillery.
 46437 | Depths:1 | Found Ithriath's Weapon Shoppe.
 46438 | Depths:1 | Found Nibrenuf's Armour Shoppe.
 46440 | Depths:1 | Found Gellud's Distillery.
 46490 | Depths:1 | Bought a potion of curing for 48 gold pieces
 46490 | Depths:1 | Bought a potion of mutation for 128 gold pieces
 46490 | Depths:1 | Bought a potion of curing for 48 gold pieces
 46490 | Depths:1 | Bought 2 potions of curing for 96 gold pieces
 46490 | Depths:1 | Bought a potion of resistance for 160 gold pieces
 46493 | Depths:1 | Bought a potion of heal wounds for 65 gold pieces
 46493 | Depths:1 | Bought a potion of haste for 130 gold pieces
 46493 | Depths:1 | Bought 2 potions of haste for 260 gold pieces
 46493 | Depths:1 | Bought a potion of haste for 130 gold pieces
 46493 | Depths:1 | Bought a potion of curing for 39 gold pieces
 46493 | Depths:1 | Bought a potion of heal wounds for 65 gold pieces
 46540 | Depths:1 | Received a gift from Trog
 46657 | Depths:1 | Found a gateway to Hell.
 46792 | Depths:1 | Found a shimmering blue altar of Sif Muna.
 46823 | Depths:1 | Found a one-way gate leading to the halls of Pandemonium.
 46916 | Depths:1 | Found a one-way gate to the infinite horrors of the Abyss.
 47010 | Depths:1 | Noticed Saint Roka
 47037 | Depths:1 | Killed Saint Roka
 47293 | Depths:1 | Found a shimmering altar of Xom.
 47434 | Depths:2 | Found a gateway to a ziggurat.
 47436 | Depths:2 | Noticed Bai Suzhen
 47459 | Depths:2 | Killed Bai Suzhen
 47775 | Depths:2 | Found an ornate altar of the Wu Jian Council.
 47816 | Depths:2 | Identified the +8 hand axe of Fugyj {vorpal, rPois} (Trog
                  | gifted it to you on level 2 of the Depths)
 47816 | Depths:2 | Received a gift from Trog
 47951 | Depths:2 | Found a bloodstained altar of Trog.
 47951 | Depths:2 | Found a blossoming altar of Fedhas.
 47953 | Depths:2 | Found an ancient bone altar of Kikubaaqudgha.
 47953 | Depths:2 | Found a hazy altar of Hepliaklqana.
 48249 | Depths:3 | Noticed a juggernaut
 48259 | Depths:3 | Killed a juggernaut
 48338 | Depths:3 | Noticed a caustic shrike
 48351 | Depths:3 | Killed a caustic shrike
 48555 | Depths:3 | Noticed Xtahua
 48564 | Depths:3 | Killed Xtahua
 48565 | Depths:3 | Gained mutation: You are robust. (+10% HP) [demonic
                  | ancestry]
 48565 | Depths:3 | Reached XP level 24. HP: 228/228 MP: 23/23
 48763 | Depths:3 | Noticed a juggernaut
 48778 | Depths:3 | Killed a juggernaut
 48804 | Depths:3 | Identified the +0 pair of gloves of Cudysh {Rampage rN+
                  | Str+4}
 49432 | Depths:4 | Noticed Margery
 49448 | Depths:4 | Killed Margery
 49460 | Depths:4 | Noticed Frederick
 49566 | Depths:4 | Noticed a juggernaut
 49581 | Depths:4 | Killed a juggernaut
 49637 | Depths:4 | Received a gift from Trog
 50020 | Depths:4 | Received a gift from Trog
 50056 | Depths:4 | Found a runed translucent gate.
 50057 | Depths:4 | Found a runed translucent gate.
 50058 | Depths:4 | Found a runed translucent gate.
 50524 | Depths:4 | Found a runed translucent gate.
 50524 | Depths:4 | Found a runed translucent gate.
 50537 | Depths:4 | Noticed Huhoepul's ghost (adept DgCj)
 50538 | Depths:4 | Found a runed translucent gate.
 50587 | Depths:4 | Killed Huhoepul's ghost
 50602 | Depths:4 | Identified the -3 cloak "Lygaxe" {Rampage Fly}
 50727 | Depths:5 | Entered Level 5 of the Depths
 50876 | Depths:5 | Gained mutation: You are very robust. (+20% HP) [demonic
                  | ancestry]
 50876 | Depths:5 | Reached XP level 25. HP: 217/258 MP: 23/23
 50918 | Depths:5 | Found a gate to the Realm of Zot.
 50919 | Depths:5 | Noticed Boris
 50936 | Depths:5 | Killed Boris
 51127 | Depths:5 | Killed Frederick
 51378 | Depths:5 | Received a gift from Trog
 52432 | Depths:1 | Voluntarily entered the Abyss.
 52437 | Abyss:1  | Found a corrupted altar of Lugonu.
 52669 | Abyss:1  | Found a shadowy altar of Dithmenos.
 52967 | Depths:1 | Escaped the Abyss
 53304 | Lair:5   | Reached skill level 10 in Evocations
 53311 | Lair:5   | Fell from the grace of Trog
 53311 | Lair:5   | Became a worshipper of Jiyva Jonir the Shapeless
 53638 | Crypt:1  | Entered Level 1 of the Crypt
 53687 | Crypt:1  | Reached * piety under Jiyva
 54403 | Crypt:2  | Found an ancient bone altar of Kikubaaqudgha.
 54453 | Crypt:2  | Reached ** piety under Jiyva
 54507 | Crypt:2  | Reached *** piety under Jiyva
 54515 | Crypt:2  | Gained mutation: Your spells are a little easier to cast,
                  | but a little less powerful. [Jiyva's grace]
 55028 | Crypt:3  | Entered Level 3 of the Crypt
 55028 | Crypt:3  | Noticed a royal mummy
 55039 | Crypt:3  | Noticed Khufu
 55450 | Slime:1  | Entered Level 1 of the Pits of Slime
 55513 | Slime:5  | Entered Level 5 of the Pits of Slime
 55553 | Slime:5  | Noticed the Royal Jelly
 55685 | Slime:5  | Found a viscous altar of Jiyva.
 56318 | Vaults:5 | Reached **** piety under Jiyva
 56329 | Vaults:5 | Gained mutation: You have acidic saliva. [Jiyva's grace]
 56343 | Vaults:5 | Reached ***** piety under Jiyva
 56344 | Vaults:5 | Got Baavang's Last Volume of the Archmage
 56344 | Vaults:5 | Lost mutation: Your spells are a little easier to cast, but
                  | a little less powerful. [Jiyva's grace]
 56346 | Vaults:5 | Identified the +1 robe of Privacy {rCorr}
 56359 | Vaults:5 | Gained mutation: You have a small jelly attached to you
                  | that may absorb incoming projectiles. [Jiyva's grace]
 56360 | Vaults:5 | Reached ****** piety under Jiyva
 56375 | Vaults:5 | Gained mutation: Your muscles are strong. (Str +2) [Jiyva's
                  | grace]
 56379 | Vaults:5 | Lost mutation: Your muscles are strong. (Str +2) [Jiyva's
                  | grace]
 56412 | Vaults:3 | Lost mutation: You have a small jelly attached to you that
                  | may absorb incoming projectiles. [Jiyva's grace]
 56845 | Slime:5  | Got the Almanac of the Frostbite and Stolen Souls
 56880 | Slime:5  | Gained mutation: You are somewhat resistant to further
                  | mutation. [Jiyva's grace]
 56895 | Slime:5  | Got a slimy rune of Zot
 56895 | Slime:5  | Lost mutation: You are somewhat resistant to further
                  | mutation. [Jiyva's grace]
 56896 | Slime:5  | Identified the +5 kite shield of Optimism {rN+ rCorr}
 56938 | Slime:5  | Identified the +6 morningstar "Ceawat" {pain, rF+ Will+}
 56939 | Slime:5  | Gained mutation: Your spells are a little harder to cast,
                  | but a little more powerful. [Jiyva's grace]
 56940 | Slime:5  | Identified the +8 halberd of Mandamus {vorpal, Str+3 SInv}
 57245 | Vaults:1 | Lost mutation: You have acidic saliva. [Jiyva's grace]
 57275 | Vaults:1 | Gained mutation: You possess an exceptional clarity of
                  | mind. [Jiyva's grace]
 57310 | Vaults:1 | Lost mutation: Your spells are a little harder to cast, but
                  | a little more powerful. [Jiyva's grace]
 57439 | Crypt:2  | Killed a royal mummy
 57448 | Crypt:2  | HP: 18/387 [emperor scorpion[Khufu] (3)]
 57449 | Crypt:2  | Killed Khufu
 57450 | Crypt:2  | Gained mutation: You are extremely robust. (+30% HP)
                  | [demonic ancestry]
 57450 | Crypt:2  | Reached XP level 26. HP: 14/288 MP: 23/23
 57707 | Crypt:3  | Noticed Boris
 57721 | Crypt:3  | Killed Boris
 57878 | Crypt:3  | Gained mutation: Your rubbery body absorbs attacks. (AC +1,
                  | EV +1) [Jiyva's grace]
 58023 | Crypt:3  | Identified the +3 tower shield of the Blessed Realm {Fly
                  | MP-9 Str+4 Int+2}
 58220 | Crypt:3  | Lost mutation: You possess an exceptional clarity of mind.
                  | [Jiyva's grace]
 58230 | Crypt:3  | Gained mutation: You are covered in slimy tendrils that may
                  | disarm your opponents. [Jiyva's grace]
 58280 | Crypt:3  | Found a staircase to the Tomb.
 58618 | Crypt:3  | Found a basalt altar of Yredelemnul.
 58622 | Crypt:3  | Found an ancient bone altar of Kikubaaqudgha.
 58656 | Crypt:3  | Got the Incunabulum of Necromancy
 58658 | Crypt:3  | Identified the amulet "Lesmegom" {Regen+ Str+4}
 58710 | Crypt:3  | Identified the +1 pair of boots of Amorality {rElec Str+4
                  | Int+3}
 59246 | Depths:1 | Voluntarily entered the Abyss.
 59380 | Abyss:1  | Noticed a dread lich
 59392 | Abyss:1  | Killed a dread lich
 59434 | Abyss:1  | Found a shimmering altar of Xom.
 59509 | Abyss:1  | Found a shimmering altar of Xom.
 59807 | Abyss:1  | Found a viscous altar of Jiyva.
 59868 | Abyss:1  | Found a viscous altar of Jiyva.
 60098 | Abyss:2  | Gained mutation: You are weak. (Str -2) [a neqoxec]
 60101 | Abyss:2  | Gained mutation: You tend to lose your temper in combat. [a
                  | neqoxec]
 60134 | Abyss:2  | Lost mutation: You are weak. (Str -2) [Jiyva's power]
 60136 | Abyss:2  | Lost mutation: You tend to lose your temper in combat.
                  | [Jiyva's power]
 60614 | Abyss:2  | Gained mutation: You are occasionally teleported next to
                  | monsters. [a neqoxec]
 60662 | Depths:1 | Escaped the Abyss
 60681 | Depths:1 | Lost mutation: You are occasionally teleported next to
                  | monsters. [Jiyva's grace]
 60753 | Depths:4 | Got the Tome of Attacks
 61108 | Vaults:2 | Lost mutation: Your rubbery body absorbs attacks. (AC +1,
                  | EV +1) [Jiyva's grace]
 61460 | D:13     | Gained mutation: You have large cloven feet. [Jiyva's
                  | grace]
 61759 | D:5      | Bought a book of Unlife for 468 gold pieces
 61759 | D:5      | Bought a book of Annihilations for 520 gold pieces
 61759 | D:5      | Bought a Grand Grimoire for 442 gold pieces
 61795 | D:5      | Bought a book of Touch for 338 gold pieces
 61795 | D:5      | Bought a book of Conjurations for 260 gold pieces
 61795 | D:5      | Bought a book of Flames for 260 gold pieces
 61795 | D:5      | Bought the Collected Works on Vitriolic Earth for 572 gold
                  | pieces
 61795 | D:5      | Bought a book of the Hunter for 338 gold pieces
 61795 | D:5      | Bought a book of the Warp for 416 gold pieces
 61795 | D:5      | Bought a Trismegistus Codex for 364 gold pieces
 61795 | D:5      | Bought Sif Muna's Catalogue of Summoning and Displacement
                  | for 182 gold pieces
 62325 | Elf:3    | Lost mutation: You have large cloven feet. [Jiyva's grace]
 62381 | Elf:3    | Got Sif Muna's Compendium of Clay
 62388 | Elf:3    | Gained mutation: You expend magic power (3 MP) to
                  | strengthen your wands. [Jiyva's grace]
 62411 | Elf:3    | Gained mutation: Your body has grown golden eyes which may
                  | confuse attackers. (Acc +3) [Jiyva's grace]
 62444 | Elf:3    | Gained mutation: Your flesh is heat resistant. (rF+)
                  | [Jiyva's grace]
 62464 | Elf:3    | Gained mutation: Your body has grown many golden eyes which
                  | may confuse attackers. (Acc +5) [Jiyva's grace]
 63017 | D:11     | Lost mutation: You expend magic power (3 MP) to strengthen
                  | your wands. [Jiyva's grace]
 63176 | Orc:2    | Gained mutation: You have very sharp teeth. [Jiyva's grace]
 63195 | Orc:2    | Gained mutation: Your natural rate of healing is unusually
                  | fast. [Jiyva's grace]
 63255 | Elf:1    | Got the Disquisition on Companions
 63335 | Orc:2    | Gained mutation: You are resistant to electric shocks.
                  | (rElec) [Jiyva's grace]
 63347 | Orc:2    | Gained mutation: You have a small jelly attached to you
                  | that senses nearby items. [Jiyva's grace]
 63799 | D:13     | Gained mutation: You passively dampen the noise of your
                  | surroundings. [Jiyva's grace]
 63820 | D:13     | Lost mutation: You are resistant to electric shocks.
                  | (rElec) [Jiyva's grace]
 63943 | Depths:2 | Learned a level 8 spell: Necromutation
 64037 | Depths:1 | Voluntarily entered the Abyss.
 64076 | Abyss:1  | Noticed a dread lich
 64088 | Abyss:1  | Killed a dread lich
 64089 | Abyss:1  | Reached skill level 1 in Spellcasting
 64089 | Abyss:1  | Reached skill level 1 in Transmutations
 64091 | Abyss:1  | Gained mutation: You occasionally shout uncontrollably at
                  | your foes. [a neqoxec]
 64091 | Abyss:1  | Gained mutation: You are strong-willed. (Will+) [Jiyva's
                  | grace]
 64099 | Abyss:1  | Lost mutation: You occasionally shout uncontrollably at
                  | your foes. [Jiyva's power]
 64244 | Abyss:1  | Paralysed by an air elemental for 1 turns
 64547 | Abyss:1  | Gained mutation: Spells you cast and wands you use may
                  | paralyse nearby enemies. [demonic ancestry]
 64547 | Abyss:1  | Reached XP level 27. HP: 297/297 MP: 26/26
 64685 | Abyss:1  | Lost mutation: You are strong-willed. (Will+) [Jiyva's
                  | grace]
 64724 | Abyss:1  | Reached skill level 5 in Necromancy
 64742 | Abyss:1  | Found a corrupted altar of Lugonu.
 64778 | Abyss:1  | Lost mutation: You have a small jelly attached to you that
                  | senses nearby items. [potion of mutation]
 64778 | Abyss:1  | Lost mutation: You are covered in slimy tendrils that may
                  | disarm your opponents. [potion of mutation]
 64778 | Abyss:1  | Lost mutation: You passively dampen the noise of your
                  | surroundings. [potion of mutation]
 64778 | Abyss:1  | Gained mutation: You evolve. [potion of mutation]
 64778 | Abyss:1  | Gained mutation: You rapidly evolve. [potion of mutation]
 64779 | Abyss:1  | Lost mutation: Your flesh is heat resistant. (rF+) [potion
                  | of mutation]
 64779 | Abyss:1  | Lost mutation: Your body has grown many golden eyes which
                  | may confuse attackers. (Acc +5) [potion of mutation]
 64779 | Abyss:1  | Lost mutation: Your natural rate of healing is unusually
                  | fast. [potion of mutation]
 64780 | Abyss:1  | Lost mutation: You rapidly evolve. [potion of mutation]
 64780 | Abyss:1  | Lost mutation: You evolve. [potion of mutation]
 64780 | Abyss:1  | Lost mutation: Your body has grown golden eyes which may
                  | confuse attackers. (Acc +3) [potion of mutation]
 64780 | Abyss:1  | Gained mutation: You have sharp fingernails. [potion of
                  | mutation]
 64780 | Abyss:1  | Gained mutation: You have supernaturally acute eyesight.
                  | (SInv) [potion of mutation]
 64781 | Abyss:1  | Lost mutation: You have supernaturally acute eyesight.
                  | (SInv) [potion of mutation]
 64781 | Abyss:1  | Lost mutation: You have very sharp teeth. [potion of
                  | mutation]
 64781 | Abyss:1  | Lost mutation: You have sharp fingernails. [potion of
                  | mutation]
 64781 | Abyss:1  | Gained mutation: You are clumsy. (Dex -2) [potion of
                  | mutation]
 64781 | Abyss:1  | Lost mutation: You are clumsy. (Dex -2) [potion of
                  | mutation]
 64782 | Abyss:1  | Gained mutation: You possess an exceptional clarity of
                  | mind. [potion of mutation]
 64782 | Abyss:1  | Gained mutation: You have an increased reservoir of magic.
                  | (+10% MP) [potion of mutation]
 64782 | Abyss:1  | Gained mutation: You are strong-willed. (Will+) [potion of
                  | mutation]
 64808 | Abyss:1  | Gained mutation: You are weak. (Str -2) [a neqoxec]
 64809 | Abyss:1  | Gained mutation: Your body sometimes deteriorates upon
                  | taking damage. [a neqoxec]
 64918 | Abyss:1  | Found a corrupted altar of Lugonu.
 65285 | Abyss:1  | Lost mutation: Your body sometimes deteriorates upon taking
                  | damage. [Jiyva's grace]
 65298 | Abyss:1  | Reached skill level 5 in Transmutations
 65375 | Abyss:1  | Found a bloodstained altar of Trog.
 65725 | Abyss:2  | Found a corrupted altar of Lugonu.
 65751 | Abyss:2  | Lost mutation: You possess an exceptional clarity of mind.
                  | [Jiyva's grace]
 65837 | Abyss:2  | Found a corrupted altar of Lugonu.
 66051 | Abyss:2  | Lost mutation: You are weak. (Str -2) [Jiyva's power]
 66679 | Abyss:2  | Gained mutation: You have sharp toenails. [Jiyva's grace]
 66920 | Abyss:3  | Reached skill level 5 in Spellcasting
 66965 | Abyss:3  | Identified the +3 whip of Bloody Death {vorpal, Fly rElec
                  | rC++ Int-4}
 67252 | Abyss:3  | Gained mutation: You have a small jelly attached to you
                  | that may absorb incoming projectiles. [Jiyva's grace]
 67302 | Abyss:3  | Gained mutation: You are occasionally teleported next to
                  | monsters. [a neqoxec]
 67315 | Abyss:3  | Lost mutation: You are occasionally teleported next to
                  | monsters. [Jiyva's power]
 67720 | Abyss:3  | Reached skill level 10 in Necromancy
 67736 | Abyss:3  | Gained mutation: You evolve. [Jiyva's grace]
 67745 | Abyss:3  | Lost mutation: You are strong-willed. (Will+) [Jiyva's
                  | grace]
 67852 | Abyss:3  | Noticed an ancient lich
 67869 | Abyss:3  | Killed an ancient lich
 67995 | Abyss:3  | Got an abyssal rune of Zot
 68305 | Depths:1 | Escaped the Abyss
 68307 | Depths:1 | Voluntarily entered the Abyss.
 68307 | Abyss:1  | Noticed a juggernaut
 68319 | Abyss:1  | Killed a juggernaut
 68345 | Abyss:1  | Was forgiven by Trog
 68362 | Abyss:1  | Paralysed by accursed screaming for 1 turns
 68398 | Abyss:1  | Reached skill level 10 in Transmutations
 68411 | Abyss:1  | Gained mutation: You sometimes lose the ability to read
                  | scrolls when taking damage. [a neqoxec]
 68471 | Abyss:1  | Paralysed by accursed screaming for 1 turns
 68476 | Abyss:1  | Paralysed by accursed screaming for 1 turns
 68515 | Abyss:1  | Lost mutation: You sometimes lose the ability to read
                  | scrolls when taking damage. [Jiyva's power]
 68702 | Abyss:1  | Paralysed by accursed screaming for 2 turns
 68704 | Abyss:1  | Noticed an ancient lich
 68720 | Abyss:1  | Killed an ancient lich
 68770 | Abyss:1  | Gained mutation: You are covered in fur. (AC +1) [Jiyva's
                  | grace]
 68836 | Abyss:1  | Noticed a dread lich
 68848 | Abyss:1  | Killed a dread lich
 68884 | Abyss:1  | Paralysed by accursed screaming for 1 turns
 69119 | Abyss:1  | Learned a level 4 spell: Hailstorm
 69129 | Abyss:1  | Learned a level 9 spell: Polar Vortex
 69139 | Abyss:1  | Learned a level 9 spell: Shatter
 69145 | Abyss:1  | Learned a level 5 spell: Irradiate
 69192 | Abyss:1  | Found a snail-covered altar of Cheibriados.
 69496 | Depths:1 | Escaped the Abyss
 69734 | Hell     | Entered the Vestibule of Hell
 69734 | Hell     | Noticed Geryon
 69870 | Hell     | Gained mutation: Armour fits poorly on your pseudopods.
                  | [Jiyva's grace]
 69884 | Hell     | Found a gateway to the decaying netherworld of Tartarus.
 69904 | Hell     | Killed Geryon
 69982 | Hell     | Found a gateway to the ashen valley of Gehenna.
 70069 | Hell     | Found a gateway to the Iron City of Dis.
 70132 | Hell     | Found a gateway to the freezing wastes of Cocytus.
 70155 | Hell     | Gained mutation: You tend to lose your temper in combat. [a
                  | cacodemon]
 70358 | Tar:1    | Entered Level 1 of Tartarus
 70530 | Tar:1    | Reached skill level 15 in Necromancy
 70635 | Tar:1    | You are sucked into a shaft and drop 1 floor!
 71151 | Tar:2    | Lost mutation: You tend to lose your temper in combat.
                  | [Jiyva's power]
 71826 | Tar:4    | Gained mutation: You possess an exceptional clarity of
                  | mind. [Jiyva's grace]
 71915 | Tar:6    | Reached skill level 10 in Spellcasting
 72131 | Tar:7    | Entered Level 7 of Tartarus
 72294 | Tar:7    | Lost mutation: You have a small jelly attached to you that
                  | may absorb incoming projectiles. [Jiyva's grace]
 72323 | Tar:7    | Gained mutation: You are resistant to electric shocks.
                  | (rElec) [Jiyva's grace]
 72402 | Tar:7    | Noticed Ereshkigal
 72442 | Tar:7    | HP: 14/445 [Tzitzimitl[Ereshkigal] (13)]
 72472 | Tar:7    | Killed Ereshkigal
 72553 | Tar:7    | Reached skill level 15 in Transmutations
 72604 | Tar:7    | Got a bone rune of Zot
 72700 | Tar:7    | Noticed an ancient lich
 72702 | Tar:7    | Noticed an ancient lich
 72711 | Tar:7    | Killed an ancient lich
 72721 | Tar:7    | Killed an ancient lich
 72749 | Tar:7    | Got the Volume of Evil Enchantment
 72750 | Tar:7    | Identified the +6 hunting sling of Wyad {venom, rElec rC-
                  | Dex+5 Stlth+}
 72754 | Tar:7    | Noticed an ancient lich
 72771 | Tar:7    | Killed an ancient lich
 72798 | Tar:7    | Identified the +10 war axe of the Heavens {spect, *Noise
                  | rN+ Stlth+}
 72918 | Tar:7    | Gained mutation: You have a small jelly attached to you
                  | that senses nearby items. [Jiyva's grace]
 73005 | Tar:7    | Identified the +9 dagger of Beyond {venom, +Rage rCorr}
 73246 | Tar:7    | Lost mutation: You evolve. [end of evolution]
 73361 | Tar:7    | Gained mutation: You are strong-willed. (Will+) [Jiyva's
                  | grace]
 73469 | Tar:7    | Gained mutation: You have acidic saliva. [Jiyva's grace]
 73715 | Tar:7    | Found the +7 great mace "Undeadhunter" {disrupt, rN+}
 73722 | Tar:7    | Identified the +3 spear of Mayhem {protect, rPois rC- rN+}
 73723 | Tar:7    | Identified the +3 morningstar "Xyar" {pain, Int+5}
 73736 | Tar:7    | Identified the +7 mace of Big Damage {drain, Int+3}
 73743 | Tar:7    | Lost mutation: You possess an exceptional clarity of mind.
                  | [Jiyva's grace]
 73867 | Hell     | Lost mutation: You have sharp toenails. [Jiyva's grace]
 73887 | Geh:1    | Entered Level 1 of Gehenna
 74037 | Geh:1    | Gained mutation: You have large cloven feet. [Jiyva's
                  | grace]
 74306 | Geh:2    | Reached skill level 1 in Ice Magic
 74554 | Geh:2    | Lost mutation: You have a small jelly attached to you that
                  | senses nearby items. [Jiyva's grace]
 75018 | Geh:3    | Reached skill level 5 in Ice Magic
 75054 | Geh:3    | Lost mutation: Armour fits poorly on your pseudopods.
                  | [Jiyva's grace]
 75064 | Geh:3    | Gained mutation: You occasionally shout uncontrollably at
                  | your foes. [Jiyva's grace]
 75522 | Geh:4    | Lost mutation: You have acidic saliva. [Jiyva's grace]
 75729 | Geh:4    | Gained mutation: You are dopey. (Int -2) [Jiyva's grace]
 75767 | Geh:4    | Gained mutation: You have acidic saliva. [Jiyva's grace]
 75991 | Geh:4    | Gained mutation: You have a small jelly attached to you
                  | that may absorb incoming projectiles. [Jiyva's grace]
 76207 | Geh:5    | You are sucked into a shaft and drop 1 floor!
 76767 | Geh:6    | Gained mutation: You are covered in slimy tendrils that may
                  | disarm your opponents. [Jiyva's grace]
 76971 | Geh:6    | Lost mutation: You are dopey. (Int -2) [Jiyva's grace]
 76975 | Geh:6    | Lost mutation: You occasionally shout uncontrollably at
                  | your foes. [Jiyva's power]
 76998 | Geh:7    | Entered Level 7 of Gehenna
 77158 | Geh:7    | Reached skill level 10 in Ice Magic
 77487 | Geh:7    | Lost mutation: You are strong-willed. (Will+) [Jiyva's
                  | grace]
 77737 | Geh:7    | Got Spellcasting Continued
 77765 | Geh:7    | Learned a level 9 spell: Fire Storm
 77770 | Geh:7    | Learned a level 4 spell: Olgreb's Toxic Radiance
 77897 | Geh:7    | Identified the +5 shortbow of the Solstice {vorpal, rElec
                  | Int+3}
 78012 | Geh:7    | Gained mutation: Your mind is acute. (Int +2) [Jiyva's
                  | grace]
 78074 | Geh:7    | Found the +7 sceptre of Asmodeus
 78074 | Geh:7    | Noticed Asmodeus
 78077 | Geh:7    | Gained mutation: You have a considerably increased
                  | reservoir of magic. (+20% MP) [Jiyva's grace]
 78122 | Geh:7    | Gained mutation: Your system is resistant to poisons.
                  | (rPois) [Jiyva's grace]
 78635 | Geh:7    | Killed Asmodeus
 78672 | Geh:7    | Got an obsidian rune of Zot
 78909 | Dis:1    | Entered Level 1 of the Iron City of Dis
 79108 | Dis:1    | Lost mutation: You have large cloven feet. [Jiyva's grace]
 79448 | Dis:1    | Found a huge runed gate.
 79448 | Dis:1    | Found a huge runed gate.
 79450 | Dis:1    | Found a huge runed gate.
 79451 | Dis:1    | Found a huge runed gate.
 79455 | Dis:1    | Found a huge runed gate.
 79458 | Dis:1    | Found a huge runed gate.
 79458 | Dis:1    | Found a huge runed gate.
 79459 | Dis:1    | Found a huge runed gate.
 79459 | Dis:1    | Found a huge runed gate.
 79460 | Dis:1    | Found a huge runed gate.
 79461 | Dis:1    | Found a huge runed gate.
 79461 | Dis:1    | Found a huge runed gate.
 79461 | Dis:1    | Found a huge runed gate.
 79485 | Dis:1    | Found a huge runed gate.
 79485 | Dis:1    | Found a huge runed gate.
 79485 | Dis:1    | Found a huge runed gate.
 79530 | Dis:1    | Reached skill level 1 in Poison Magic
 79535 | Dis:1    | Reached skill level 1 in Earth Magic
 80302 | Depths:4 | Lost mutation: Your mind is acute. (Int +2) [Jiyva's grace]
 80313 | Depths:4 | Gained mutation: You are agile. (Dex +2) [Jiyva's grace]
 80561 | Depths:2 | Gained mutation: You are strong-willed. (Will+) [Jiyva's
                  | grace]
 80569 | Depths:2 | Lost mutation: Your system is resistant to poisons. (rPois)
                  | [Jiyva's grace]
 80576 | Depths:2 | Lost mutation: You are strong-willed. (Will+) [Jiyva's
                  | grace]
 80586 | Depths:2 | Lost mutation: You are agile. (Dex +2) [Jiyva's grace]
 80609 | Zig:1    | Entered Level 1 of a ziggurat
 80638 | Zig:2    | Entered Level 2 of a ziggurat
 80678 | Zig:3    | Entered Level 3 of a ziggurat
 80693 | Zig:3    | Identified the +2 robe of Xom's Castigation {Dex+4}
 80712 | Zig:4    | Entered Level 4 of a ziggurat
 80747 | Zig:4    | Gained mutation: You passively dampen the noise of your
                  | surroundings. [Jiyva's grace]
 80748 | Zig:4    | Identified the +4 scale mail of the Other Side {Fly rElec
                  | rN+}
 80760 | Zig:5    | Entered Level 5 of a ziggurat
 80772 | Zig:5    | Identified the ring "Hebb" {rPois rF+ rC+ MP+9}
 80783 | Zig:6    | Entered Level 6 of a ziggurat
 80785 | Zig:6    | Found the +7 Singing Sword {vorpal, sonic wave}
 80795 | Zig:6    | Reached skill level 5 in Poison Magic
 80808 | Zig:6    | Gained mutation: You are clumsy. (Dex -2) [Jiyva's grace]
 80830 | Zig:7    | Entered Level 7 of a ziggurat
 80834 | Zig:7    | Noticed Qomyxkia the pandemonium lord
 80851 | Zig:7    | Reached skill level 1 in Long Blades
 80908 | Zig:7    | Killed Qomyxkia the pandemonium lord
 80994 | Zig:7    | Gained mutation: You possess an exceptional clarity of
                  | mind. [Jiyva's grace]
 81003 | Zig:8    | Entered Level 8 of a ziggurat
 81015 | Zig:8    | Noticed an ancient lich
 81058 | Zig:8    | Reached skill level 5 in Long Blades
 81059 | Zig:8    | Killed an ancient lich
 81195 | Zig:9    | Entered Level 9 of a ziggurat
 81200 | Zig:9    | Noticed a royal mummy
 81202 | Zig:9    | Noticed a royal mummy
 81203 | Zig:9    | Noticed a royal mummy
 81218 | Zig:9    | Killed a royal mummy
 81220 | Zig:9    | Killed a royal mummy
 81225 | Zig:9    | Killed a royal mummy
 81313 | Zig:9    | Identified the +7 halberd of Exhibitionism {flame, Str+3
                  | Int+3}
 81360 | Zig:9    | Lost mutation: You have a considerably increased reservoir
                  | of magic. (+20% MP) [Jiyva's grace]
 81361 | Zig:9    | Identified the +6 quarterstaff of Exceptional Prudence
                  | {vamp, rElec SInv}
 81365 | Zig:10   | Entered Level 10 of a ziggurat
 81374 | Zig:10   | Noticed Haxuoroych the pandemonium lord
 81385 | Zig:10   | Reached skill level 10 in Long Blades
 81390 | Zig:10   | Killed Haxuoroych the pandemonium lord
 81418 | Zig:10   | Identified the +1 mace "Metijiha" {drain, Contam Fly Int+3
                  | SInv}
 81421 | Zig:10   | Identified the +5 kite shield of the Equinox {rF+}
 81481 | Zig:10   | Lost mutation: You are clumsy. (Dex -2) [Jiyva's power]
 81484 | Zig:11   | Entered Level 11 of a ziggurat
 81497 | Zig:11   | Noticed a royal mummy
 81498 | Zig:11   | Noticed a royal mummy
 81573 | Zig:11   | Identified the ring of Xugedir {*Slow Fly Str+5 Dex+9}
 81631 | Zig:11   | Identified the +10 battleaxe of the Many Ships {holy, rF-
                  | Str+3 Dex+4 SInv}
 81636 | Zig:11   | Identified the +2 kite shield "Lonaosho" {rElec Will-
                  | Int+9}
 81647 | Zig:11   | Lost mutation: You possess an exceptional clarity of mind.
                  | [Jiyva's grace]
 81669 | Zig:12   | Entered Level 12 of a ziggurat
 81801 | Zig:12   | Found the necklace of Bloodlust {*Rage +Rage Will++ Int-3
                  | Slay+6}
 81811 | Zig:12   | Got the Incunabulum of Shape Shifting
 81849 | Zig:12   | Identified the +8 quarterstaff "Fukecaetz" {vorpal, rF-
                  | rN++ rCorr Stlth+}
 81866 | Zig:12   | Gained mutation: Your translucent skin slightly reduces
                  | your foes' accuracy. (Stealth+) [Jiyva's grace]
 81908 | Zig:13   | Entered Level 13 of a ziggurat
 81913 | Zig:13   | Noticed a juggernaut
 81914 | Zig:13   | Noticed a juggernaut
 81914 | Zig:13   | Noticed a juggernaut
 81915 | Zig:13   | Noticed a juggernaut
 81922 | Zig:13   | Killed a juggernaut
 81927 | Zig:13   | Killed a juggernaut
 81928 | Zig:13   | Killed a juggernaut
 81930 | Zig:13   | Killed a juggernaut
 82019 | Zig:13   | Identified the +7 morningstar of Skirmishing {venom, *Rage
                  | rCorr Str+2}
 82027 | Zig:13   | Identified the -3 pair of boots of Beoqosint {rN++ Regen+
                  | Str-5 Dex+2}
 82031 | Zig:13   | Got the Tome of Calling
 82091 | Zig:13   | Lost mutation: You are resistant to electric shocks.
                  | (rElec) [Jiyva's grace]
 82109 | Zig:13   | Got the Grimoire of Unstable Curses
 82120 | Zig:13   | Gained mutation: Your flesh is heat resistant. (rF+)
                  | [Jiyva's grace]
 82137 | Zig:14   | Entered Level 14 of a ziggurat
 82189 | Zig:14   | Identified the ring "Qozuu" {rC+ SInv}
 82203 | Zig:14   | Identified the +2 morningstar "Syesi" {freeze, rC++}
 82233 | Zig:14   | Acquired a book of Blood
 82274 | Zig:14   | Reached skill level 15 in Long Blades
 82295 | Zig:14   | Lost mutation: You have a small jelly attached to you that
                  | may absorb incoming projectiles. [Jiyva's grace]
 82323 | Zig:15   | Entered Level 15 of a ziggurat
 82371 | Zig:15   | Identified the ring of Gothrapio {Wiz rF+ Will+ Slay+3}
 82378 | Zig:15   | Acquired 1136 gold pieces
 82389 | Zig:15   | Identified the +9 hand axe "Iblusem" {venom, rN+}
 82395 | Zig:15   | Got the Collected Works on Enchantment
 82398 | Zig:15   | Identified the ring "Hukhyani" {Str+6 Int+6}
 82414 | Zig:15   | Got the Papyrus of Doomed Displacement
 82421 | Zig:15   | Lost mutation: You are covered in slimy tendrils that may
                  | disarm your opponents. [Jiyva's grace]
 82431 | Zig:15   | Gained mutation: You possess an exceptional clarity of
                  | mind. [Jiyva's grace]
 82445 | Zig:15   | Lost mutation: You possess an exceptional clarity of mind.
                  | [Jiyva's grace]
 82455 | Zig:16   | Entered Level 16 of a ziggurat
 82464 | Zig:16   | Noticed a royal mummy
 82466 | Zig:16   | Noticed a royal mummy
 82467 | Zig:16   | Noticed a royal mummy
 82468 | Zig:16   | Noticed a royal mummy
 82471 | Zig:16   | Noticed a royal mummy
 82473 | Zig:16   | Killed a royal mummy
 82485 | Zig:16   | Killed a royal mummy
 82486 | Zig:16   | Killed a royal mummy
 82486 | Zig:16   | Killed a royal mummy
 82486 | Zig:16   | Killed a royal mummy
 82556 | Zig:16   | Found the +3 crown of Dyrovepreva {rElec Int+2 SInv}
 82583 | Zig:16   | Got the Guide on the Birds and Heat
 82584 | Zig:16   | Identified the +1 halberd of Triumph {flame, Stlth+}
 82586 | Zig:16   | Got the Incunabulum of Bewitchment
 82608 | Zig:16   | Learned a level 5 spell: Freezing Cloud
 82628 | Zig:16   | Gained mutation: Your mind is acute. (Int +2) [Jiyva's
                  | grace]
 82661 | Zig:16   | Gained mutation: You occasionally shout uncontrollably at
                  | your foes. [Jiyva's grace]
 82670 | Zig:17   | Entered Level 17 of a ziggurat
 82672 | Zig:17   | Lost mutation: You occasionally shout uncontrollably at
                  | your foes. [Jiyva's power]
 82682 | Zig:17   | Noticed an ancient lich
 82693 | Zig:17   | Killed an ancient lich
 82815 | Zig:17   | Identified the ring of Ilasubb {rElec rF- Int+5 Dex+3 SInv}
 82821 | Zig:17   | Identified the +0 longbow of the Pure Leylines {freeze, Fly
                  | rCorr Dex+4}
 82834 | Zig:17   | Identified the +8 trident "Veawuh" {drain, Fragile rPois
                  | rN++ Stlth+}
 82840 | Zig:17   | Identified the +6 quarterstaff "Fagumn" {speed, Str+4}
 82846 | Zig:17   | Lost mutation: You passively dampen the noise of your
                  | surroundings. [Jiyva's grace]
 82856 | Zig:17   | Gained mutation: Your rubbery body absorbs attacks. (AC +1,
                  | EV +1) [Jiyva's grace]
 82897 | Zig:18   | Entered Level 18 of a ziggurat
 83017 | Zig:18   | Identified the ring "Voggav" {Fly rPois Will+ Dex+4}
 83030 | Zig:18   | Got Sif Muna's Catalogue of Scorching Contamination
 83051 | Zig:18   | Identified the ring "Sithrof" {rPois rN+ Slay+3}
 83082 | Zig:19   | Entered Level 19 of a ziggurat
 83102 | Zig:19   | Noticed a dread lich
 83102 | Zig:19   | Noticed a dread lich
 83102 | Zig:19   | Noticed an ancient lich
 83102 | Zig:19   | Noticed a dread lich
 83102 | Zig:19   | Noticed an ancient lich
 83113 | Zig:19   | Killed a dread lich
 83114 | Zig:19   | Killed an ancient lich
 83115 | Zig:19   | Killed an ancient lich
 83115 | Zig:19   | Killed a dread lich
 83119 | Zig:19   | Killed a dread lich
 83152 | Zig:19   | Identified a ring "Edweedd" {rElec MP+9 Dex+6 SInv Stlth+}
 83170 | Zig:19   | Identified the ring of Dessimah {rF+ rN+ Will+}
 83203 | Zig:19   | Got the Almanac of Scorching Stones
 83226 | Zig:19   | Gained mutation: Armour fits poorly on your strangely
                  | shaped body. [Jiyva's grace]
 83232 | Zig:19   | Lost mutation: Your rubbery body absorbs attacks. (AC +1,
                  | EV +1) [Jiyva's grace]
 83240 | Zig:19   | Lost mutation: You have an increased reservoir of magic.
                  | (+10% MP) [Jiyva's grace]
 83245 | Zig:19   | Gained mutation: Your translucent skin reduces your foes'
                  | accuracy. (Stealth+) [Jiyva's grace]
 83270 | Zig:20   | Entered Level 20 of a ziggurat
 83288 | Zig:20   | Noticed a dread lich
 83295 | Zig:20   | Killed a dread lich
 83346 | Zig:20   | Lost mutation: You are covered in fur. (AC +1) [Jiyva's
                  | grace]
 83352 | Zig:20   | Got Povaasseo's Disquisition on Slavery
 83355 | Zig:20   | Identified the +4 arbalest "Ziritohu" {penet, Dex+4}
 83363 | Zig:21   | Entered Level 21 of a ziggurat
 83479 | Zig:21   | Lost mutation: Armour fits poorly on your strangely shaped
                  | body. [Jiyva's grace]
 83481 | Zig:21   | Got the Disquisition on the Spatial Escort
 83482 | Zig:21   | Identified the +11 morningstar "Bamec" {vorpal, rPois MP+9}
 83483 | Zig:21   | Identified the +2 robe "Ummaas" {rC+ Str+5 Int-2}
 83484 | Zig:21   | Identified the +0 scale mail "Koavog" {rF+}
 83485 | Zig:21   | Identified the +0 helmet of Card Tricks {Harm rElec rC++
                  | Str-2}
 83487 | Zig:21   | Identified the ring "Uceuf" {rPois rF+ rCorr MP+9 Int+7}
 83524 | Zig:22   | Entered Level 22 of a ziggurat
 83564 | Zig:22   | Found the ring of the Mage {Wiz Will++ Int+3}
 83613 | Zig:22   | Identified the amulet "Fiuluv Vecik" {Will+ Regen+}
 83618 | Zig:22   | Identified the +12 chain mail of the Stone Wall {rCorr
                  | Dex+2}
 83650 | Zig:22   | Lost mutation: Your flesh is heat resistant. (rF+) [Jiyva's
                  | grace]
 83660 | Zig:22   | Gained mutation: You are somewhat resistant to further
                  | mutation. [Jiyva's grace]
 83678 | Zig:22   | Identified the +0 chain mail of Atain {rPois Int+5}
 83719 | Zig:23   | Entered Level 23 of a ziggurat
 83736 | Zig:23   | Noticed an ancient lich
 83738 | Zig:23   | Noticed an ancient lich
 83748 | Zig:23   | Killed an ancient lich
 83748 | Zig:23   | Killed an ancient lich
 83803 | Zig:23   | Identified the ring of Autumn {rC+ Will+}
 83804 | Zig:23   | Identified the +0 ring mail of Resonant Brilliance {Will+
                  | Regen+}
 83815 | Zig:23   | Got the Grimoire of Contamination and Beguiling
 83821 | Zig:23   | Identified the +7 flail of the Sea {chaos, Will+}
 83843 | Zig:23   | Gained mutation: You possess an exceptional clarity of
                  | mind. [Jiyva's grace]
 83864 | Zig:23   | Lost mutation: Your translucent skin reduces your foes'
                  | accuracy. (Stealth+) [Jiyva's grace]
 83875 | Zig:23   | Gained mutation: You have a small jelly attached to you
                  | that senses nearby items. [Jiyva's grace]
 83894 | Zig:24   | Entered Level 24 of a ziggurat
 83931 | Zig:24   | HP: 10/297 [green draconian stormcaller/divine providence
                  | (9)]
 83931 | Zig:24   | Killed from afar by a red draconian scorcher

Illustrated notes

Levels and vault maps discovered:
D:1:      amcnicky_arrival_flooded_fountain, layout_rooms, serial_shops,
          nicolae_shop_stone, kennysheep_small_spiral
D:2:      layout_loops_corners, minmay_misc_feat_secret_circle,
          skrybe_limestone_x, uniq_crazy_yiuf_cottage
D:3:      layout_basic, lemuel_tele_altar, lemuel_crystal_altar,
          kennysheep_generic_room_12
D:4:      layout_basic, cheibriados_altar_1, amcnicky_altar_gilded,
          kennysheep_little_box, lemuel_temple_firewalk_a, uniq_ijyb
D:5:      layout_cave_pods, serial_shops, shop_coins, shop, shop, shop,
          uniq_eustachio, uniq_duvessa
D:6:      layout_rooms, nicolae_evil_shop
D:7:      layout_cave_pools, mainiacjoe_overflow_24_doors,
          gammafunk_ghost_cemetery, hellmonk_bongcloud_opening,
          minmay_misc_feat_enclosed
D:8:      layout_gridville, st_stairs_6, uniq_erica
D:9:      minmay_klotski, layout_loops_ring,
          mainiacjoe_overflow_small_starburst, minmay_fractal_squares_gapless_7
D:10:     layout_roguey, kennysheep_mini, minitemple
D:11:     layout_grid_maze, david_lair_generic, uniq_erolcha, uniq_grum,
          uniq_snorg
D:12:     layout_loops_corners, orc_david_3
D:13:     layout_loops_ring, grunt_vaults_entry_fortified, serial_bayou,
          serial_bayou_lagoon_a, serial_bayou_ford_a, serial_bayou_lagoon_b,
          serial_bayou_pond_a, enter_bailey_2, lemuel_flame_loot_1
D:14:     layout_small_grid, nicolae_uskayaw_dance_hall
D:15:     gammafunk_enter_depths_forms, layout_basic, serial_bayou,
          serial_bayou_shore_a, serial_bayou_pond_d, serial_bayou_crossing,
          serial_bayou_pond_e
Lair:1:   layout_cave_shapes, portal_ice_cave_entry_ice_simulacra, tgw_fedhas,
          serial_bayou_shore_b, minmay_lair_oklob_chamber
Lair:2:   nzn_winding_woodlands_cross [nzn_winding_woodlands_5x15_crooked,
          nzn_winding_woodlands_5x15_river_crossing,
          nzn_winding_woodlands_5x15_lazy_stream,
          nzn_winding_woodlands_5x15_concentric,
          nzn_winding_woodlands_15x15_killbox], layout_long_grid,
          serial_bayou_pond_c, cheibrodos_lair_lostbears
Lair:3:   layout_misc_corridors, nicolae_spider_entry_non_spiders,
          chequers_serial_rivers_large_b, grunt_megastairs_1, uniq_gastronok
Lair:4:   layout_roguey, nicolae_swamp_entry_splash_gauntlet, lookout_lair_type,
          kilobyte_rumbling_trees, lemuel_fruit_fields
Lair:5:   layout_cave_pods, slime_altar_2
Lair:6:   evilmike_catoblepas_cave, layout_regular_city,
          hellmonk_ghost_happy_afterlife, gauntlet_entry_generic,
          disabler_island, uniq_nessos, uniq_kirke
Swamp:1:  layout_basic_swamp, nicolae_swamp_triple_paths, swamp_pool1
Swamp:2:  layout_basic_swamp, serial_swamp_ruin, evilmike_swamp_ruin_house_5,
          evilmike_swamp_ruin_house_6, uniq_jorgrun
Swamp:3:  layout_falls_marsh, evilmike_swamp_ruin_house_3, swamp_pool1,
          nicolae_swamp_trees_clearing
Swamp:4:  swamp_alternative, layout_basic_swamp
Spider:1: nicolae_spider_hilbert_zone_4 [nicolae_spider_hilbert_4_sides_2_open,
          nicolae_spider_hilbert_4_sides_1_open,
          nicolae_spider_hilbert_4_sides_1_open,
          nicolae_spider_hilbert_4_sides_1_open,
          nicolae_spider_hilbert_4_sides_1_open,
          nicolae_spider_hilbert_2_sides_1_open,
          nicolae_spider_hilbert_2_sides_1_open,
          nicolae_spider_hilbert_2_sides_1_open,
          nicolae_spider_hilbert_2_sides_1_open,
          nicolae_spider_hilbert_6_sides_1_open,
          nicolae_spider_hilbert_6_sides_1_open,
          nicolae_spider_hilbert_3_sides_1_open,
          nicolae_spider_hilbert_3_sides_1_open], uniq_asterion
Spider:2: layout_spider_delve, nicolae_spider_cling_halls,
          hangedman_spider_tarantella_strand
Spider:3: layout_chambers
Spider:4: guppyfry_spider_rune
Slime:1:  layout_caves
Slime:2:  layout_caves
Slime:3:  layout_caves, cheibrodos_slime_lost_civilization_4
Slime:4:  layout_caves
Slime:5
Orc:1:    layout_diamond_mine, mines4_lemuel
Orc:2:    pubby_orc_utopia, uniq_urug
Elf:1:    minmay_elf_arrival_summoners, layout_onion_city,
          minmay_elf_demonology, uniq_roxanne
Elf:2:    nicolae_elf_blades_splatter_lattice
          [nicolae_blade_entry_splitting_headache], layout_geoelf_octagon
Elf:3:    elf_hall_gauntlet_wide, layout_geoelf_castle, serial_shops,
          nicolae_shop_waterfront, guppyfry_elf_castle
Vaults:1: hangedman_vaults_slice, v_misc_33, nicolae_vaults_little_squares_6,
          v_misc_14, vaults_mumra_chevron_long, v_misc_18, vaults_mumra_lcd,
          vaults_not_door_vault_mu, nicolae_vaults_yaktaur_gun_rack,
          ontoclasm_vaults_pinch, vaults_room_octagon,
          nicolae_vaults_circle_grid_b, layout_vaults_omnigrid, serial_shops,
          nicolae_shop_window_shopping
Vaults:2: v_misc_19, vaults_room_hallway, minmay_crypt_entry_simple_corners,
          nicolae_vaults_network_quincunx
          [nicolae_vaults_network_quincunx_subvault,
          nicolae_vaults_network_quincunx_subvault,
          nicolae_vaults_network_quincunx_subvault,
          nicolae_vaults_network_quincunx_subvault,
          nicolae_vaults_network_quincunx_subvault],
          nicolae_vaults_shelves_hall, nicolae_vaults_bisected_exclaves,
          nicolae_vaults_network_periphery, hangedman_vaults_variations,
          layout_vaults_maze_bifur, serial_shops, shop, shop
Vaults:3: nicolae_vaults_little_squares_3, st_star, ontoclasm_vaults_gateway,
          grunt_vaults_hallway_short, vaults_room_stairs_pillars, serial_ice_b,
          hangedman_vaults_restitches, v_misc_31, vaults_mumra_hexcomb,
          v_misc_25, v_misc_5, nicolae_vaults_alarming, layout_vaults_omnibox
Vaults:4: hangedman_vaults_corner_blocks, nicolae_vaults_border_crossing,
          vaults_standard_mumra_enter_the_diamond,
          nicolae_vaults_big_angled_halls, ontoclasm_vaults_misaligned,
          nicolae_vaults_three_branches, hangedman_vaults_maws,
          ontoclasm_vaults_eye, vaults_dpeg_hooks,
          ontoclasm_vaults_loading_screen, nicolae_vaults_little_squares_4,
          v_misc_10, layout_vaults_big_cross
Vaults:5: serial_shops
Crypt:1:  layout_misc_corridors
Crypt:2:  layout_misc_corridors, basic_altar, small_chamber_with_monster
Crypt:3:  lightli_unholy_cathedral, layout_chaotic_city,
          tomb_entry_pyramid_bobbens, hex_tiny, uniq_khufu
Depths:1: layout_basic, grunt_pan_entry_spiral, led_sif_pool, hell_entry,
          abyss_entry, tgw_xom, minmay_shoptagon, uniq_saint_roka
Depths:2: minmay_the_grid_octo_tiled_squarecenter_mashed
          [minmay_the_grid_octo_concentric, minmay_the_grid_octo_shrine,
          minmay_the_grid_octo_77, minmay_the_grid_octo_chip,
          minmay_the_grid_square_5x5_megaprize_open,
          minmay_the_grid_square_5x5_slash, minmay_the_grid_square_5x5_bite,
          minmay_the_grid_square_5x5_hollow_slash,
          minmay_the_grid_square_5x5_six_small], layout_twisted_cross,
          enter_ziggurat_c, pdpol_wu_jian_five_deadly_venoms, pf_coc_iceberg,
          minmay_misc_feat_diagonals, uniq_bai_suzhen
Depths:3: minmay_chopped_fan, layout_gridlike, rand_demon_pan_entry_8,
          minmay_misc_feat_four_crosses, hell_entry,
          nicolae_tso_carved_into_rock, uniq_xtahua
Depths:4: grunt_house_of_mirrors, layout_cross, rand_demon_pan_entry_1,
          ploomutoo_gammafunk_ghost_potion_laboratory, hell_entry, abyss_entry,
          chequers_serial_rivers_micro_b, grunt_ministairs_5,
          infiniplex_staircase_spiral, uniq_margery, uniq_frederick
Depths:5: evilmike_zot_entry_argh, layout_cave_shapes, abyss_entry,
          grunt_mini_vestibule, minmay_misc_feat_tiny, minivault_16, uniq_boris
Hell
Dis:1:    layout_gridville, hangedman_dis_decor_blocks_talon, door_vault
Geh:1:    layout_gehenna_pools_basic
Geh:2:    layout_gehenna_lava_caves
Geh:3:    layout_gehenna_lava_caves, lemuel_flamethrower_2
Geh:4:    layout_gehenna_pools_triple
Geh:5:    layout_gehenna_pools_triple
Geh:6:    layout_gehenna_pools_triple
Geh:7:    geh_grunt
Tar:1:    layout_cathedral_of_symmetry
Tar:2:    layout_grid_maze, lemuel_nasty_fountain
Tar:3:    layout_honeycomb
Tar:4:    layout_cathedral_of_symmetry, grunt_megastairs_4
Tar:5:    layout_grid_maze, nicolae_tar_cuneiform_water
Tar:6:    layout_grid_maze
Tar:7:    tar_old
Zig:24

Skill      XL: |  1  2  3  4  5  6  7  8  9 10 11 12 13 14 15 16 17 18 19 20 21 22 23 24 25 26 27 |
---------------+----------------------------------------------------------------------------------+-----
Axes           | 3 4 5 6 7 8 9 11 12 14 15 16 17 18 | 18.5
Fighting       | 6 8 10 12 13 15 17 18 20 21 | 21.5
Shields        | 4 5 6 7 8 9 10 11 12 13 15 16 17 18 19 20 22 | 22.1
Armour         | 4 6 7 8 9 11 12 13 15 16 17 18 19 20 22 | 22.6
Dodging        | 4 6 7 8 9 11 12 13 15 16 17 18 19 20 22 | 22.6
Evocations     | 4 6 8 9 10 12 13 | 13.9
Spellcasting   | 2 13 | 13.9
Necromancy     | 4 21 | 21.2
Transmutations | 3 18 | 18.4
Ice Magic      | 14 | 14.9
Poison Magic   | 5 |  5.2
Earth Magic    | 4 |  4.7
Long Blades    | 20 | 20.8

Action                   |  1- 3 |  4- 6 |  7- 9 | 10-12 | 13-15 | 16-18 | 19-21 | 22-24 | 25-27 || total
-------------------------+-------+-------+-------+-------+-------+-------+-------+-------+-------++-------
Melee: Hand axe          |    87 |       |       |       |       |       |       |       |       ||    87
       Headbutt          |    14 |    22 |    31 |   116 |   342 |   317 |   457 |   569 |  2471 ||  4339
       War axe           |     5 |   115 |   180 |   372 |       |       |       |       |       ||   672
       Broad axe         |       |       |       |    40 |   982 |  1105 |  1264 |  1442 |  6060 || 10893
       Bite              |       |       |       |       |       |       |       |       |   540 ||   540
       Pseudopods        |       |       |       |       |       |       |       |       |   506 ||   506
       Double sword      |       |       |       |       |       |       |       |       |   405 ||   405
 Cast: Irradiate         |       |       |       |       |       |       |       |       |    42 ||    42
       Necromutation     |       |       |       |       |       |       |       |       |    28 ||    28
Invok: Berserk           |     2 |     3 |     6 |    19 |    29 |    11 |    13 |    11 |       ||    94
       Brothers in Arms  |       |       |       |     3 |     2 |     4 |     6 |     3 |       ||    18
       Trog's Hand       |       |       |       |       |       |       |     1 |     2 |       ||     3
       Request Jelly     |       |       |       |       |       |       |       |       |    51 ||    51
       Cure Bad Mutation |       |       |       |       |       |       |       |       |    12 ||    12
       Slimify           |       |       |       |       |       |       |       |       |     4 ||     4
Evoke: Wand              |       |       |       |       |     3 |       |       |     1 |    15 ||    19
       Tin of tremorston |       |       |       |       |       |       |     2 |       |     4 ||     6
       Condenser vane    |       |       |       |       |       |       |       |       |     2 ||     2
  Use: Scroll            |       |     3 |     6 |     6 |    17 |     7 |     3 |     2 |    13 ||    57
       Potion            |       |       |     1 |       |    11 |     4 |       |       |    57 ||    73
 Stab: Petrified         |       |       |       |       |     6 |       |       |       |       ||     6
       Petrifying        |       |       |       |       |     3 |       |       |       |       ||     3
       Confused          |       |       |       |       |       |     1 |       |       |     5 ||     6
       Distracted        |       |       |       |       |       |     1 |       |       |    15 ||    16
       Paralysed         |       |       |       |       |       |       |       |       |    29 ||    29
       Invisible         |       |       |       |       |       |       |       |       |     3 ||     3
Armor: Animal skin       |     5 |       |       |       |       |       |       |       |       ||     5
       Chain mail        |    39 |    32 |    52 |   160 |   249 |   346 |   230 |   226 |  1015 ||  2349
       Plate armour      |       |    34 |    33 |       |       |       |       |       |       ||    67
       Skin              |       |       |     8 |       |       |       |       |       |   123 ||   131
Dodge: Dodged            |    49 |    32 |    55 |    98 |   263 |   300 |   290 |   395 |  2136 ||  3618
Block: Other             |       |       |    29 |       |       |       |       |       |       ||    29
       Buckler           |       |       |     4 |   218 |     9 |       |       |       |       ||   231
       Kite shield       |       |       |       |       |   737 |  1150 |  1160 |  1201 |  6542 || 10790
       Rpst.: Double sword |       |       |       |       |       |       |       |       |    45 ||    45
